 Dungeon Crawl Stone Soup version 0.20-a0-625-g9e05219 (webtiles) character file.

18158730 theclanless the Vine Barricade (level 27, 174/174 HPs)
             Began as a Vine Stalker Fighter on Feb 7, 2017.
             Was the Champion of Ieoh Jian.
             Escaped with the Orb
             ... and 15 runes on Feb 12, 2017!
             The game lasted 15:35:52 (86913 turns).

theclanless the Vine Barricade (VSFi)              Turns: 86913, Time: 15:35:53

Health: 174/174    AC: 59    Str: 39    XL:     27
Magic:  55/55      EV: 30    Int: 10    God:    Ieoh Jian [******]
Gold:   16250      SH: 42    Dex: 22    Spells: 5/80 levels left

rFire    + + .     SeeInvis +   a - +9 quick blade (flame)
rCold    + + .     Gourm    .   s - +15 crystal plate armour of Mumblety Peg {Regen+ Str-5 Dex+4}
rNeg     + + +     Faith    .   F - +8 large shield {rC+ rF+}
rPois    +         Spirit   +   y - +2 hat of the Bear Spirit {Spirit, +Rage rN+ MR++}
rElec    +         Reflect  +   t - +5 cloak "Kaucaic" {rF+ Str+3}
rCorr    +         Harm     .   i - +0 pair of gloves of Yjuidob {Str+6}
MR       +++++                  I - +0 pair of boots "Siesiw" {rCorr}
Stlth    +.........             E - amulet "Urudgh" {Reflect rN++ Str+5 SH+4 Stlth-}
Regen    1.6/turn               z - ring of Noon {rElec rC+ SInv Stlth+}
                                W - ring of Jizadiskoi {rPois rN+ MR+ Str+2}

@: deflect missiles
A: fangs 3, agile 1, mutation resistance 1, regeneration 2, screaming 1, magic
shield, antimagic bite, no potion heal 3, rot immunity, subdued magic 1
0: Orb of Zot
}: 15/15 runes: decaying, serpentine, slimy, silver, golden, iron, obsidian,
icy, bone, abyssal, demonic, glowing, magical, fiery, dark
a: Serpent's Lash, Heaven On Earth, Renounce Religion, Evoke Berserk Rage


You escaped.
You worshipped Ieoh Jian.
Ieoh Jian was exalted by your worship.
You were not hungry.

You visited 18 branches of the dungeon, and saw 90 of its levels.
You visited Pandemonium 2 times, and saw 27 of its levels.
You visited the Abyss 1 time.
You visited 1 bazaar.
You completed 2 ziggurats, and saw 54 of their levels.
You also visited: Ice Cave and Wizlab.

You collected 19832 gold pieces.
You spent 3582 gold pieces at shops.

Inventory:

Hand Weapons
 a - a +9 quick blade of flaming (weapon)
 b - a +9 eudemon blade of holy wrath
 K - the +10 zealot's sword {holy, *Rage rN+ EV+3}
   (You found it in an ice cave)

   It has been blessed by the Shining One to cause great damage to the undead
   and demons.
   It affects your evasion (+3).
   It protects you from negative energy.
   It may make you go berserk in combat.
Armour
 i - the +0 pair of gloves of Yjuidob (worn) {Str+6}
   (You found it on level 2 of the Depths)

   It affects your strength (+6).
 s - the +15 crystal plate armour of Mumblety Peg (worn) {Regen+ Str-5 Dex+4}
   (You acquired it on level 5 of the Vaults)

   It affects your strength (-5).
   It affects your dexterity (+4).
   It increases your rate of regeneration.
 t - the +5 cloak "Kaucaic" (worn) {rF+ Str+3}
   (You found it in a wizard's laboratory)

   It affects your strength (+3).
   It protects you from fire.
 y - the +2 hat of the Bear Spirit (worn) {Spirit, +Rage rN+ MR++}
   (You found it on level 27 of a ziggurat)

   It protects you from negative energy.
   It affects your resistance to hostile enchantments.
   It lets you go berserk.
 F - a +8 large shield of resistance (worn)
 I - the +0 pair of boots "Siesiw" (worn) {rCorr}
   (You found it in Pandemonium)

   It protects you from acid and corrosion.
 J - the +0 Maxwell's etheric cage {RegenMP+ *Contam rElec MP+4}
   (You found it on level 22 of a ziggurat)

   It insulates you from electricity.
   It affects your magic capacity (+4).
   It causes magical contamination when unequipped.
 T - a +2 pair of boots of flying
Jewellery
 k - the ring "Misuxt" {MR+ Str+9}
   (You found it on level 21 of a ziggurat)

   [ring of protection from magic]

   It affects your strength (+9).
   It affects your resistance to hostile enchantments.
 p - the ring of Generosity {rCorr MR+ Dex+3}
   (You found it on level 19 of a ziggurat)

   [ring of resist corrosion]

   It affects your dexterity (+3).
   It affects your resistance to hostile enchantments.
 r - the amulet "Daxol" {rElec rC+ Regen+ Str+3}
   (You found it on level 19 of a ziggurat)

   [amulet of regeneration]

   It affects your strength (+3).
   It protects you from cold.
   It insulates you from electricity.
   It increases your rate of regeneration.
 z - the ring of Noon (right hand) {rElec rC+ SInv Stlth+}
   (You took it off a deep elf annihilator on level 3 of the Elven Halls)

   [ring of see invisible]

   It protects you from cold.
   It insulates you from electricity.
   It lets you see invisible.
   It makes you more stealthy.
 A - the ring "Xonum" {Int+3 Slay+3 SInv}
   (You found it on level 19 of a ziggurat)

   [ring of see invisible]

   It affects your intelligence (+3).
   It affects your accuracy and damage with ranged weapons and melee attacks
   (+3).
   It lets you see invisible.
 C - the amulet of Descent {rElec rPois Regen+ Int+3 Dex-3}
   (You found it on level 18 of a ziggurat)

   [amulet of regeneration]

   It affects your intelligence (+3).
   It affects your dexterity (-3).
   It insulates you from electricity.
   It protects you from poison.
   It increases your rate of regeneration.
 E - the amulet "Urudgh" (around neck) {Reflect rN++ Str+5 SH+4 Stlth-}
   (You found it on level 7 of a ziggurat)

   [amulet of reflection]

   It shields you and reflects attacks.
   It affects your strength (+5).
   It greatly protects you from negative energy.
   It affects your SH (+4).
   It makes you less stealthy.
 L - the cursed necklace of Bloodlust {*Rage +Rage MR++ Int-3 Slay+6 *Curse}
   (You found it on level 25 of a ziggurat)

   [amulet of rage]

   It affects your intelligence (-3).
   It affects your accuracy and damage with ranged weapons and melee attacks
   (+6).
   It affects your resistance to hostile enchantments.
   It lets you go berserk.
   It may make you go berserk in combat.
   It curses itself when equipped.
   It has a curse placed upon it.
 U - the ring of Trepidation {rElec rF+ Str+3 SInv Stlth+}
   (You found it on level 1 of the Tomb of the Ancients)

   [ring of see invisible]

   It affects your strength (+3).
   It protects you from fire.
   It insulates you from electricity.
   It lets you see invisible.
   It makes you more stealthy.
 W - the ring of Jizadiskoi (left hand) {rPois rN+ MR+ Str+2}
   (You found it on level 11 of a ziggurat)

   [ring of protection from magic]

   It affects your strength (+2).
   It protects you from poison.
   It protects you from negative energy.
   It affects your resistance to hostile enchantments.
 X - the ring of the First Curses {rF+ rC+}
   (You found it on level 2 of the Elven Halls)

   [ring of protection from fire]

   It protects you from fire.
   It protects you from cold.
Wands
 f - a wand of digging (4/24)
Scrolls
 d - a scroll of amnesia
 g - 80 scrolls of teleportation
 n - 26 scrolls of recharging
 o - 2 scrolls of enchant armour
 u - 14 scrolls of magic mapping
 v - 22 scrolls of blinking
 x - 3 scrolls of summoning
 O - 45 scrolls of remove curse
 Q - 29 scrolls of fog
 V - 13 scrolls of identify
 Z - 9 scrolls of immolation
Potions
 e - 19 potions of mutation
 h - 9 potions of might
 j - 35 potions of curing
 m - 15 potions of brilliance
 q - 5 potions of magic
 G - 9 potions of haste
 M - 19 potions of flight
 N - 7 potions of cancellation
 R - 9 potions of resistance
 Y - 7 potions of agility
Miscellaneous
 w - 14 phantom mirrors
 P - 2 +2 figurines of a ziggurat
Comestibles
 l - 68 fruits
 B - 2 bread rations


   Skills:
 O Level 27 Fighting
 - Level 23.7(27) Short Blades
 - Level 23.7(27) Long Blades
 O Level 27 Armour
 O Level 27 Dodging
 O Level 27 Stealth
 O Level 27 Shields
 O Level 27 Spellcasting
 - Level 21.7 Charms
 O Level 27 Summonings
 + Level 15.9 Translocations


You had 5 spell levels left.
You knew the following spells:

 Your Spells              Type           Power        Failure   Level  Hunger
a - Lesser Beckoning      Tloc           ####......   1%          3    None
b - Blink                 Tloc           N/A          0%          2    None
c - Regeneration          Chrm/Necr      ####......   1%          3    None
d - Lee's Rapid Deconstr  Erth           ##........   99%         5    ####...
e - Deflect Missiles      Chrm/Air       ####......   14%         6    #####..
f - Summon Butterflies    Summ           ######..     0%          1    None
g - Dragon's Call         Summ           ######....   34%         9    #######
h - Summon Hydra          Summ           ######....   1%          7    #######
i - Infusion              Chrm           ####         0%          1    None
j - Monstrous Menagerie   Summ           ######....   1%          7    #######
p - Passwall              Tmut/Erth      ##........   12%         2    None
s - Song of Slaying       Chrm           #####...     0%          2    None
A - Aura of Abjuration    Summ           ######....   0%          5    ####...
B - Controlled Blink      Tloc           N/A          82%         8    #######
N - Necromutation         Tmut/Necr      ##........   100%        8    #######
P - Passage of Golubria   Tloc           N/A          1%          4    None
S - Swiftness             Chrm/Air       ####....     1%          2    None


Dungeon Overview and Level Annotations

Branches:
Dungeon (15/15)            Temple (1/1) D:7            Lair (6/6) D:10
  Swamp (4/4) Lair:3        Snake (4/4) Lair:2        Slime (5/5) Lair:6
    Orc (2/2) D:10            Elf (3/3) Orc:2        Vaults (5/5) D:14
  Crypt (3/3) Vaults:3       Tomb (3/3) Crypt:3      Depths (5/5) D:15
   Hell (1/1)                 Dis (7/7) Hell            Geh (7/7) Hell
    Coc (7/7) Hell            Tar (7/7) Hell            Zot (5/5) Depths:5

Altars:
Ashenzari
Cheibriados
Dithmenos
Elyvilon
Fedhas
Gozag
Hepliaklqana Ieoh Jian
Kikubaaqudgha
Makhleb
Nemelex Xobeh
Okawaru
Qazlal
Ru
Sif Muna
Trog
Uskayaw
Vehumet
Xom
Yredelemnul
Zin
The Shining One
Jiyva

Shops:
D:8 !   D:10 (   D:15 %   Orc:2 *(:[[([}   Elf:1 ?   Snake:1 }}=   Snake:3 ?
Snake:4 %   Vaults:5 }   Depths:1 }?}=(

Portals:
Hell: Depths:1 Depths:2 Depths:3 Depths:4 Depths:5
Abyss: Depths:4
Pandemonium: Depths:3 Depths:4


Innate Abilities, Weirdness & Mutations

You have razor-sharp teeth.
You heal very quickly.
When hurt, damage is shared between your health and your magic reserves.
Your bite disrupts and absorbs the magic of your enemies.
Potions cannot restore your health.
You are immune to rotting.
You are agile. (Dex +2)
You are somewhat resistant to further mutation.
You occasionally shout uncontrollably at your foes.
Your spells are a little easier to cast, but a little less powerful.


Message History

You puncture the toenail golem! You burn the toenail golem.
You bite the toenail golem! You drain its power.
The toenail golem is moderately damaged.
You impale the toenail golem!! You burn the toenail golem.
You bite the toenail golem. You drain its power.
The toenail golem is severely damaged.
You hit the toenail golem. You bite the toenail golem! You drain its power.
You destroy the toenail golem!
The council accepts your kill.
There is a stone staircase leading up here.
You climb upwards.
There is a stone staircase leading down here.
There is a stone staircase leading up here.
You climb upwards.
There is a stone staircase leading down here.
There is a stone staircase leading up here.
You climb upwards.
There is a stone staircase leading down here.
There is a staircase leading out of the dungeon here.
You have escaped!

# #.# #.# #............# # #.#
#.###.#.#####.##.##### #
#.####...##...###.##...... #
####.##..............##.##### #
#........#.......#...##.##### #
#.##.##.###.....###..##...... #
#.##.##).#...)...#...######## #
#.##.##...............## ##.
#####.##........@#.......#.## #.#
......##.#......###......##.###..
########.##......#>.....####.....
#.##.............###.###.#
#.##..#.....(.#..##.## #.#
#.##.###..)..###.#.## #.#
#.....#.......#...## #.#
####..............######.#
##...####...........#.#


There were no monsters in sight!

Vanquished Creatures
  Cerebov (Pan)
  Antaeus (Coc:7)
  Asmodeus (Geh:7)
  the Royal Jelly (Slime:5)
  69 pandemonium lords
  Ereshkigal (Tar:7)
  the Serpent of Hell (Geh:7)
  Gloorx Vloq (Pan)
  2 seraphim
  Lom Lobon (Pan)
  Mnoleg (Pan)
  Dispater (Dis:7)
  Khufu (Crypt:3)
  Mara (Depths:2)
  8 orbs of fire
  43 greater mummies
  26 ancient liches
  4 juggernauts
  Boris (Depths:4)
  2 shard shrikes
  Bai Suzhen (Depths:2)
  Vashnia (Snake:2)
  9 caustic shrikes
  A caustic shrike (shapeshifter) (Zig:27)
  18 Killer Klowns
  3 curse toes
  21 golden dragons
  Geryon (Hell)
  2 pearl dragons (Pan)
  11 profane servitors
  Jory (Crypt:1)
  the Enchantress (Depths:3)
  Nikola (Swamp:2)
  A golden dragon (shapeshifter) (Zig:6)
  The ghost of OgreWrestling the Brawler, an adept TrMo of Ieoh Jian (Vaults:4)
  28 bone dragons
  Jorgrun (Vaults:3)
  25 Brimstone Fiends
  7 iron giants (Dis:7)
  3 electric golems
  5 doom hounds
  36 tentacled monstrosities
  40 Tzitzimimeh
  An iron giant (shapeshifter) (Zig:14)
  32 liches
  13 hellephants
  22 Hell Sentinels
  27 Orb Guardians
  19 Ice Fiends
  Asterion (Snake:4)
  5 titans
  18 quicksilver dragons
  4 deep elf blademasters
  76 acid blobs
  8 deep elf master archers
  2 quicksilver dragons (shapeshifter) (Zig:27)
  4 eldritch tentacles
  36 ancient champions
  A kraken (Abyss:5)
  10 death cobs
  15 tentacled starspawn
  36 Executioners
  17 sphinxes
  5 thorn hunters
  A storm dragon (shapeshifter) (Zig:14)
  Donald (Elf:3)
  Agnes (D:14)
  33 shadow dragons
  Kirke (Snake:3)
  11 tengu reavers
  20 storm dragons
  Roxanne (Elf:2)
  29 revenants
  A shadow dragon (shapeshifter) (Zig:27)
  3 azure jellies (shapeshifter)
  18 daevas
  2 fire giants (shapeshifter) (Zig:26)
  9 draconian monks
  32 azure jellies
  49 nagarajas
  13 deep elf sorcerers
  12 draconian knights
  10 fire giants
  18 vault wardens
  18 ghost moths
  50 balrugs
  8 orc warlords
  12 warmongers
  8 iron dragons
  An iron dragon (shapeshifter) (Zig:26)
  A ghost moth (shapeshifter) (Zig:26)
  13 frost giants
  A frost giant (shapeshifter) (Zig:27)
  20 curse skulls
  5 caustic shrike zombies
  31 cacodemons
  10 draconian scorchers
  9 draconian stormcallers
  3 juggernaut zombies
  4 deep elf elementalists (Elf:3)
  Louise (Swamp:1)
  10 draconian annihilators
  86 reapers
  3 draconian shifters
  10 emperor scorpions
  30 angels
  17 ironheart preservers
  17 blood saints
  8 caustic shrike skeletons
  8 ghouls
  25 apis (Pan)
  15 ophanim (Pan)
  4 spriggan defenders
  An entropy weaver (shapeshifter) (Vaults:5)
  3 elemental wellsprings
  2 juggernaut skeletons (Zig:24)
  26 war gargoyles
  A stone giant (shapeshifter) (Zig:14)
  33 very ugly things
  35 stone giants
  33 starcursed masses
  4 entropy weavers
  16 bennus
  6 deep elf demonologists
  24 black suns
  A spectral titan (Zig:25)
  11 black draconians
  10 purple draconians
  Nessos (D:14)
  27 vampire knights
  8 green draconians
  15 lorocyprocas
  16 corrupters
  A dire elephant (shapeshifter) (Zig:14)
  11 dire elephants
  14 red draconians
  11 yellow draconians
  14 deep elf annihilators
  25 merfolk javelineers
  14 white draconians
  A spark wasp (Zig:26)
  A spectral quicksilver dragon (Zig:25)
  43 green deaths
  40 blizzard demons
  23 eidola
  31 deep elf death magi
  16 jiangshi
  20 ettins
  15 death oozes
  9 fire dragons
  37 yaktaur captains
  30 great orbs of eyes
  2 kraken zombies
  The ghost of dpeg the Covert, a journeyman OpAs of Ieoh Jian (D:11)
  2 spectral tengu (Zig:25)
  6 quicksilver dragon zombies
  43 vault guards
  36 mummy priests
  13 deep elf high priests
  13 hell beasts
  5 merfolk impalers (Zig:15)
  8 rakshasas
  24 ice dragons
  5 monstrous demonspawn (Pan)
  66 hydras
  The ghost of sandact6 the Nimble, a journeyman DrFi of Ieoh Jian (D:10)
  13 catoblepae
  8 quicksilver dragon skeletons
  Harold (D:12)
  5 ghost crabs
  13 death knights
  22 ogre magi
  A two-headed ogre (shapeshifter) (Zig:26)
  A merfolk avatar (Zig:15)
  5 spriggan air magi
  A spectral fire giant (Zig:12)
  19 anacondas
  A death yak (Zig:14)
  18 tengu warriors
  17 centaur warriors
  53 two-headed ogres
  28 dancing weapons
  A spectral frost giant (Zig:12)
  11 alligators
  81 death scarabs
  10 merfolk aquamancers
  27 naga warriors
  33 vampire magi
  A queen ant (Lair:4)
  8 deep troll shamans
  4 alligator snapping turtles (Zig:26)
  A queen ant (shapeshifter) (Vaults:5)
  A death yak (shapeshifter) (Zig:27)
  18 hell hogs
  24 thrashing horrors
  13 satyrs
  13 deep troll earth magi
  19 shock serpents
  Urug (D:15)
  A spectral spriggan (Zig:25)
  29 naga sharpshooters
  9 spriggan berserkers
  30 hell knights
  14 orc high priests
  6 titan zombies
  19 deep elf knights
  5 iron golems
  5 holy swine (Pan)
  A spectral elf (Zig:25)
  71 soul eaters
  64 sun demons
  A fire crab (shapeshifter) (Zig:10)
  35 sixfirhies
  15 titan skeletons
  7 storm dragon zombies
  5 iron trolls (shapeshifter)
  53 shadow wraiths
  21 wretched stars
  17 iron trolls
  5 salamander mystics
  2 fire crabs
  20 flayed ghosts
  10 spatial maelstroms
  2 quicksilver dragon simulacra
  A spectral spark wasp (Zig:12)
  7 golden dragon zombies
  179 skeletal warriors
  6 sea snakes (Zig:15)
  2 death drakes (shapeshifter)
  17 infernal demonspawn
  26 swamp dragons
  An unseen horror (shapeshifter) (Zig:27)
  11 glowing orange brains
  12 death drakes
  43 shadow demons
  7 unseen horrors
  15 cherubim
  10 torturous demonspawn (Pan)
  6 anaconda zombies
  A sea snake (shapeshifter) (Depths:2)
  16 gelid demonspawn
  An orange crystal statue (Zig:21)
  9 shadow dragon zombies
  30 deep trolls
  2 ghost moth zombies
  12 naga ritualists
  Pikel (D:7)
  21 spriggan druids
  20 wizards
  2 spark wasp zombies
  8 storm dragon skeletons
  An obsidian statue (WizLab)
  16 ironbrand convokers
  5 sphinx zombies
  27 phantasmal warriors
  2 lindwurms (shapeshifter)
  12 harpies
  17 necromancers
  14 shambling mangroves
  A kraken simulacrum (Hell)
  15 deep elf archers
  7 anaconda skeletons
  6 golden dragon skeletons
  2 orb spiders (Zig:7)
  4 wolf spider zombies
  12 shining eyes
  A wolf spider (shapeshifter) (Zig:18)
  A faun (shapeshifter) (Zig:27)
  8 shadow dragon skeletons
  18 orc knights
  9 iron dragon zombies
  73 deep elf magi
  19 cyclopes
  6 stone giant zombies
  3 manticores
  3 tengu skeletons
  12 fauns
  2 tengu zombies
  9 mana vipers
  9 oklob plants
  9 fire giant zombies
  4 worldbinders
  15 orc sorcerers
  7 ice statues
  2 sphinx skeletons
  7 wolf spiders
  A shining eye (shapeshifter) (Zig:14)
  44 ugly things
  61 black mambas
  8 frost giant zombies
  3 moths of wrath (shapeshifter)
  26 salamanders
  34 guardian serpents
  17 vault sentinels
  3 elephants
  6 frost giant skeletons
  10 stone giant skeletons
  53 naga magi
  30 moths of wrath
  97 smoke demons
  4 dire elephant zombies
  Joseph (D:7)
  5 iron dragon skeletons
  2 toenail golems
  3 merfolk sirens
  An elephant (shapeshifter) (Zig:14)
  15 eyes of devastation
  16 apocalypse crabs
  2 water nymphs
  A water nymph (shapeshifter) (Vaults:4)
  9 molten gargoyles
  5 torpor snails
  3 gargoyles
  8 fire giant skeletons
  A titan simulacrum (Zig:22)
  36 rust devils
  31 orange demons
  A shock serpent skeleton (Crypt:2)
  5 yaktaur zombies
  48 spiny frogs
  20 efreet
  2 spiny frogs (shapeshifter)
  9 demonic crawlers
  3 emperor scorpion zombies
  7 rime drakes
  A yaktaur (shapeshifter) (Vaults:3)
  48 hellions
  3 catoblepas zombies
  A kobold demonologist (Abyss:2)
  6 dire elephant skeletons
  2 spriggan skeletons
  62 hellwings
  51 ice devils
  64 yaktaurs
  16 komodo dragons
  3 harpy zombies
  33 tormentors
  39 freezing wraiths
  A catoblepas skeleton (Crypt:3)
  6 tengu conjurers
  54 red devils
  62 guardian mummies
  5 trolls
  The ghost of jujuben the Slasher, an amateur MiMo of Ieoh Jian (D:4)
  A death yak skeleton (Crypt:2)
  A yellow draconian skeleton (Crypt:3)
  15 ancient zymes
  2 hornets (shapeshifter)
  A shadow dragon simulacrum (Zig:22)
  20 tyrant leeches
  22 merfolk
  3 meliai (D:14)
  3 jumping spiders (Zig:7)
  5 silent spectres
  Prince Ribbit (Lair:1)
  A troll (shapeshifter) (Vaults:4)
  3 polar bears (shapeshifter)
  4 polar bears
  5 harpy skeletons
  A tengu simulacrum (Zig:11)
  A wolf spider simulacrum (Tomb:3)
  39 hornets
  12 hydra skeletons
  A meliai (shapeshifter) (Vaults:2)
  7 fire dragon zombies
  5 ice dragon zombies
  177 slime creatures
  3 slime creatures (shapeshifter)
  11 hydra zombies
  A wind drake (shapeshifter) (Depths:5)
  30 bog bodies
  52 blink frogs
  2 deep troll zombies (Hell)
  A hippogriff (shapeshifter) (Zig:26)
  27 raiju
  3 snapping turtles
  A wind drake (Abyss:2)
  10 elf zombies
  5 spriggan zombies
  A dream sheep (Zig:14)
  19 hippogriffs
  3 fire dragon skeletons
  10 ettin zombies
  A dream sheep (shapeshifter) (Zig:26)
  5 alligator zombies
  89 flying skulls
  2 black mamba zombies
  3 alligator skeletons
  36 shadows
  7 ettin skeletons
  A stone giant simulacrum (Hell)
  24 ushabtiu
  A redback (shapeshifter) (Vaults:4)
  A spriggan (shapeshifter) (Zig:22)
  2 tarantellas (Zig:26)
  18 water elementals
  2 air elementals
  6 redbacks
  4 vampires
  54 ynoxinuls
  2 wyverns
  63 yaks
  A human (shapeshifter) (Zig:9)
  5 fire bats
  A satyr skeleton (Crypt:2)
  15 spriggans
  A black mamba skeleton (Tar:2)
  16 humans
  4 ice dragon skeletons
  A wyvern (shapeshifter) (Depths:5)
  A yak (shapeshifter) (Depths:1)
  A golden eye (shapeshifter) (Depths:2)
  44 wraiths
  7 hogs (Snake:3)
  24 golden eyes
  A basilisk (Zig:10)
  29 fire elementals
  A steam dragon (shapeshifter) (Zig:18)
  34 chaos spawn
  4 hungry ghosts
  24 vampire mosquitoes
  10 wargs
  14 spatial vortices
  18 swamp worms
  46 neqoxecs
  A warg (shapeshifter) (Vaults:5)
  A merfolk zombie (Tar:5)
  17 soldier ants
  26 insubstantial wisps
  87 large abominations
  A soldier ant (shapeshifter) (Zig:26)
  60 nagas
  A swamp worm (shapeshifter) (Zig:14)
  A monstrous demonspawn zombie (Crypt:2)
  A hydra simulacrum (Hell)
  The ghost of theclanless the Ducker, an amateur SpGl (D:3)
  5 spiny frog zombies
  4 porcupines
  65 hell hounds
  2 floating eyes
  27 water moccasins
  15 elf skeletons
  A gelid demonspawn skeleton (Pan)
  69 orc warriors
  A torturous demonspawn skeleton (Crypt:3)
  26 swamp drakes
  5 sky beasts
  A slave (D:7)
  9 ice beasts
  A black bear (shapeshifter) (Zig:18)
  2 manticore zombies
  7 human zombies
  3 ettin simulacra
  2 black bears (D:7)
  4 spiny frog skeletons
  30 eyes of draining
  12 phantoms
  A swamp dragon zombie (Dis:7)
  An alligator simulacrum (Coc:3)
  A wolf (shapeshifter) (Depths:3)
  58 ogres
  4 snapping turtle zombies
  7 wolves
  A blink frog zombie (Crypt:3)
  31 necrophages
  A lindwurm skeleton (Crypt:1)
  3 eyes of draining (shapeshifter)
  3 swamp dragon skeletons
  11 boggarts
  A hog zombie (Crypt:1)
  A centaur (shapeshifter) (Vaults:5)
  24 centaurs
  3 snapping turtle skeletons
  2 manticore skeletons
  36 crocodiles
  A big kobold (D:9)
  An octopode zombie (Crypt:3)
  29 bullfrogs
  A rime drake skeleton (Crypt:1)
  A salamander skeleton (Crypt:1)
  A hippogriff skeleton (Crypt:1)
  8 earth elementals
  A spiny frog simulacrum (Coc:7)
  A yaktaur skeleton (Vaults:1)
  2 scorpions
  24 small abominations
  A scorpion (shapeshifter) (Zig:18)
  A killer bee (shapeshifter) (Depths:4)
  A troll zombie (Dis:6)
  78 wights
  13 killer bees
  An electric eel (Lair:6)
  A howler monkey (D:14)
  A troll skeleton (Tar:4)
  A yak skeleton (Crypt:3)
  26 crimson imps
  5 centaur zombies
  8 hounds
  3 jellies
  A wolf skeleton (Crypt:1)
  23 orc wizards
  6 quasits
  3 bullfrog skeletons
  A bullfrog zombie (D:7)
  13 orc priests
  6 centaur skeletons
  A gnoll shaman (D:4)
  41 iron imps
  Jessica (D:3)
  3 human skeletons
  4 iguanas
  A porcupine zombie (Crypt:2)
  Natasha (thrice) (D:4)
  A lightning spire (Zig:16)
  11 hell rats
  27 worker ants
  An acid dragon zombie (Crypt:1)
  2 naga zombies
  A deep dwarf skeleton (Crypt:3)
  A naga skeleton (Tar:2)
  99 mummies
  A howler monkey zombie (D:7)
  2 worker ant zombies
  6 gnolls
  11 adders
  10 shadow imps
  22 white imps
  10 ufetubi
  An ooze (D:4)
  A worm zombie (Crypt:1)
  2 adder skeletons
  A halfling skeleton (Crypt:3)
  A lava snake skeleton (Crypt:2)
  4 worms
  5 dart slugs
  5 leopard geckos
  80 orcs
  A bat skeleton (Crypt:2)
  7 giant cockroaches
  8 goblins
  3 hobgoblins
  19 jackals
  17 kobolds
  5 quokkas
  10 bats
  5 frilled lizards
  A kobold zombie (Dis:7)
  A leopard gecko zombie (D:6)
  2 orc skeletons
  2 orc zombies
  6 rats
  2 briar patches (Zig:21)
  5 crawling corpses
  7 lost souls (Zig:20)
  3 lurking horrors
  A plant (Lair:2)
  13 starspawn tentacles
  6 tentacles
7671 creatures vanquished.

Vanquished Creatures (collateral kills)
  2 acid blobs (Zig:21)
  An Executioner (Pan)
  A cacodemon (Pan)
  2 frost giants
  A great orb of eyes (Depths:3)
  A deep troll shaman (Depths:5)
  A spriggan berserker (Depths:2)
  2 tengu warriors (Depths:2)
  A sun demon (Depths:2)
  A sixfirhy (Pan)
  A hell knight (Depths:3)
  A quicksilver dragon simulacrum (Depths:2)
  A sea snake (shapeshifter) (Depths:3)
  A wizard (Depths:3)
  A phantasmal warrior (Dis:2)
  4 shining eyes
  A salamander (Depths:5)
  A rust devil (Depths:2)
  An eye of devastation (Zig:19)
  An ice devil (Depths:2)
  2 yaktaurs
  A red devil (Depths:2)
  A hornet (Depths:3)
  2 slime creatures
  A water elemental (Depths:4)
  3 spriggans (Depths:3)
  An elf zombie (Depths:1)
  5 neqoxecs (Pan)
  2 large abominations (Pan)
  2 eyes of draining (Zig:19)
  A quasit (Depths:3)
47 creatures vanquished.

Vanquished Creatures (others)
  A deep elf master archer (Zig:27)
  3 eldritch tentacles
  A fire giant (Depths:3)
  A nagaraja (Zig:26)
  A draconian knight (Zig:16)
  A reaper (IceCv)
  A stone giant (Zig:27)
  A centaur warrior (Zig:2)
  A monstrous demonspawn (Pan)
  A death knight (Zig:12)
  2 thrashing horrors (Abyss:2)
  An anaconda skeleton (Tomb:3)
  A wizard (Depths:3)
  A deep elf mage (Elf:2)
  A faun (Zig:27)
  2 yaktaurs (Zig:27)
  A jumping spider (Zig:26)
  A hydra zombie (Tomb:2)
  A hornet (Swamp:3)
  A bog body (Swamp:4)
  A hydra skeleton (Geh:1)
  3 flying skulls (Tomb:3)
  A spriggan (Swamp:3)
  2 shadows
  A ynoxinul (Pan)
  A chaos spawn (Pan)
  4 small abominations
  A spatial vortex (Abyss:2)
  2 swamp worms
  An insubstantial wisp (Swamp:4)
  A swamp drake (Swamp:3)
  An ogre (Vaults:4)
  A boggart (Depths:3)
  A centaur (Depths:1)
  A quasit (Abyss:2)
  A worker ant (D:7)
  A hell rat (Hell)
  3 mummies
  3 white imps
  6 ufetubi (IceCv)
  An orc (Orc:2)
  11 briar patches (Zig:21)
  27 fungi
  A lost soul (Zig:20)
  A lurking horror (Abyss:5)
  61 plants
  18 starspawn tentacles
  15 tentacles
195 creatures vanquished.

Grand Total: 7913 creatures vanquished

Notes
Turn   | Place    | Note
-------+----------+-------------------------------------------
     0 | D:1      | theclanless the Vine Stalker Fighter began the quest for the Orb.
     0 | D:1      | Reached XP level 1. HP: 11/11 MP: 2/2
   148 | D:1      | Reached XP level 2. HP: 16/16 MP: 3/3
   215 | D:1      | Reached skill level 1 in Spellcasting
   494 | D:1      | Reached XP level 3. HP: 18/19 MP: 5/5
  1044 | D:2      | Reached skill level 1 in Dodging
  1503 | D:2      | Gained mutation: Your natural rate of healing is unusually fast. [Vine Stalker growth]
  1503 | D:2      | Reached XP level 4. HP: 22/24 MP: 7/7
  1797 | D:2      | Reached XP level 5. HP: 24/28 MP: 8/8
  1822 | D:3      | Found an ancient bone altar of Kikubaaqudgha.
  1834 | D:3      | Found a deep blue altar of Sif Muna.
  1835 | D:3      | Noticed Jessica
  1844 | D:3      | Killed Jessica
  1852 | D:3      | Noticed theclanless's ghost (amateur SpGl)
  1872 | D:3      | Killed theclanless's ghost
  1872 | D:3      | Reached XP level 6. HP: 30/32 MP: 8/10
  1983 | D:3      | Found an iron altar of Okawaru.
  2017 | D:3      | Found a hazy altar of Hepliaklqana.
  2564 | D:4      | Reached XP level 7. HP: 25/37 MP: 12/12
  2677 | D:4      | Noticed jujuben's ghost (amateur MiMo)
  2679 | D:4      | Gained mutation: You are resistant to hostile enchantments. (MR+) [potion of beneficial mutation]
  2680 | D:4      | Noticed Natasha
  2689 | D:4      | Killed jujuben's ghost
  2691 | D:4      | Killed Natasha
  2729 | D:4      | Noticed Natasha
  2737 | D:4      | Killed Natasha
  2749 | D:4      | Noticed Natasha
  2760 | D:4      | Killed Natasha
  3184 | D:4      | Gained mutation: You have razor-sharp teeth. [Vine Stalker growth]
  3184 | D:4      | Reached XP level 8. HP: 42/42 MP: 15/15
  3205 | D:5      | Entered Level 5 of the Dungeon
  3644 | D:5      | Found a glowing golden altar of the Shining One.
  3654 | D:5      | Became a worshipper of the Shining One
  4198 | D:6      | Gained mutation: You passively map a small area around you. [mutagenic meat]
  4199 | D:6      | Gained mutation: Your muscles are strong. (Str +2) [mutagenic meat]
  4200 | D:6      | Gained mutation: You are frail. (-10% HP) [mutagenic meat]
  4202 | D:6      | Gained mutation: Scrolls take you a little longer to read. [mutagenic meat]
  4235 | D:6      | Reached skill level 5 in Long Blades
  4254 | D:6      | Reached skill level 5 in Shields
  4282 | D:6      | Reached XP level 9. HP: 40/40 MP: 17/17
  4283 | D:6      | Found a shattered altar of Ashenzari.
  4518 | D:7      | Reached * piety under the Shining One
  4627 | D:7      | Lost mutation: You are frail. (-10% HP) [potion of mutation]
  4627 | D:7      | Gained mutation: Your muscles are very strong. (Str +4) [potion of mutation]
  4639 | D:7      | Found a bloodstained altar of Trog.
  4755 | D:7      | Noticed Pikel
  4775 | D:7      | Killed Pikel
  4775 | D:7      | Reached skill level 5 in Spellcasting
  4790 | D:7      | Noticed Joseph
  4809 | D:7      | Killed Joseph
  4958 | D:7      | Found a staircase to the Ecumenical Temple.
  4967 | Temple   | Entered the Ecumenical Temple
  5015 | Temple   | Fell from the grace of the Shining One
  5015 | Temple   | Became a worshipper of the Ieoh Jian Council
  5292 | D:8      | Got a dazzling leather armour
  5295 | D:8      | Identified the cursed +0 leather armour of the Forest {+Blink rElec rF+ Int-5} (You found it on level 8 of the Dungeon)
  5329 | D:8      | Found Tumuh's Distillery.
  5334 | D:8      | Reached XP level 10. HP: 51/51 MP: 19/19
  5352 | D:8      | Reached skill level 5 in Fighting
  5367 | D:8      | Bought a potion of mutation for 35 gold pieces
  5367 | D:8      | Bought a potion of might for 56 gold pieces
  5367 | D:8      | Gained mutation: You are agile. (Dex +2) [potion of mutation]
  5367 | D:8      | Gained mutation: You are robust. (+10% HP) [potion of mutation]
  5367 | D:8      | Lost mutation: You are robust. (+10% HP) [potion of mutation]
  5388 | D:8      | Found a shadowy altar of Dithmenos.
  5494 | D:8      | Gained mutation: You are frail. (-10% HP) [potion of mutation]
  5985 | D:8      | Reached * piety under Ieoh Jian
  6148 | D:9      | Paralysed by a hornet for 2 turns
  6165 | D:9      | Found a sacrificial altar of Ru.
  6338 | D:9      | Reached skill level 5 in Dodging
  6387 | D:9      | Reached XP level 11. HP: 45/50 MP: 21/21
  6400 | D:9      | Reached ** piety under Ieoh Jian
  6623 | D:10     | Entered Level 10 of the Dungeon
  6623 | D:10     | Found a staircase to the Orcish Mines.
  6633 | D:10     | Noticed sandact6's ghost (journeyman DrFi)
  6636 | D:10     | Found Pyzah's Antique Weapon Boutique.
  6689 | D:10     | Killed sandact6's ghost
  6769 | D:10     | Killed an unseen horror
  6769 | D:10     | Reached skill level 5 in Armour
  6803 | D:10     | Found a staircase to the Lair.
  7186 | Lair:1   | Entered Level 1 of the Lair of Beasts
  7186 | Lair:1   | Noticed Prince Ribbit
  7204 | Lair:1   | Killed Prince Ribbit
  7327 | Lair:1   | Reached *** piety under Ieoh Jian
  7474 | Lair:1   | Gained mutation: You heal very quickly. [Vine Stalker growth]
  7474 | Lair:1   | Reached XP level 12. HP: 43/55 MP: 23/23
  7985 | Lair:1   | Noticed a four-headed hydra
  8012 | Lair:1   | Killed a five-headed hydra
  8075 | Orc:1    | Entered Level 1 of the Orcish Mines
  8490 | Orc:2    | Entered Level 2 of the Orcish Mines
  8490 | Orc:2    | Found Qaymesk's Antique Weapon Emporium.
  8490 | Orc:2    | Noticed an orc high priest
  8499 | Orc:2    | Found Kusmu's Antique Armour Emporium.
  8507 | Orc:2    | Noticed a soul eater
  8510 | Orc:2    | Noticed a soul eater
  8510 | Orc:2    | Killed an orc high priest
  8515 | Orc:2    | HP: 1/55 [orc warrior/hand axe (3)]
  8548 | Orc:2    | Bought a cloak for 126 gold pieces
  8565 | Orc:2    | Found Livaug's Gadget Shop.
  8574 | Orc:2    | Found a frozen archway.
  8584 | IceCv    | Entered an ice cave
  8645 | IceCv    | Reached **** piety under Ieoh Jian
  8791 | IceCv    | Noticed a reaper
  8795 | IceCv    | Killed a reaper
  9117 | Orc:2    | Found a staircase to the Elven Halls.
  9140 | Orc:2    | Found Senitine's Armour Shoppe.
  9164 | Orc:2    | Bought a +0 large shield for 67 gold pieces
  9164 | Orc:2    | Bought a +1 pair of boots for 172 gold pieces
  9218 | Orc:2    | Noticed an orc high priest
  9224 | Orc:2    | Found Zamuab Loah's Antique Armour Boutique.
  9230 | Orc:2    | Killed an orc high priest
  9230 | Orc:2    | Reached skill level 10 in Long Blades
  9277 | Orc:2    | Noticed an orc warlord
  9277 | Orc:2    | Found Zedaerex's General Store.
  9375 | Orc:1    | Killed an orc warlord
  9375 | Orc:1    | Reached skill level 10 in Shields
  9375 | Orc:1    | Reached XP level 13. HP: 60/60 MP: 26/26
  9474 | Orc:2    | Found Sokene's Book Shop.
  9695 | Orc:2    | Found Ejovik's Weapon Shoppe.
 10380 | Lair:2   | Found a staircase to the Snake Pit.
 10893 | Lair:3   | Reached ***** piety under Ieoh Jian
 10992 | Lair:3   | You fall through a shaft for 2 floors!
 11035 | Lair:5   | Got a shimmering battleaxe
 12213 | Lair:4   | Noticed an entropy weaver
 12228 | Lair:4   | Killed an entropy weaver
 12234 | Lair:4   | Reached XP level 14. HP: 54/65 MP: 27/27
 12245 | Lair:4   | Learned a level 2 spell: Repel Missiles
 12257 | Lair:4   | Noticed an entropy weaver
 12275 | Lair:4   | Killed an entropy weaver
 12770 | Lair:3   | Found a staircase to the Swamp.
 13232 | Lair:1   | Learned a level 2 spell: Blink
 13346 | Lair:6   | Entered Level 6 of the Lair of Beasts
 13417 | Lair:6   | Got a fine ring mail
 13451 | Lair:6   | Learned a level 5 spell: Aura of Abjuration
 14048 | Lair:6   | Reached ****** piety under Ieoh Jian
 14049 | Lair:6   | Found a runed door.
 14050 | Lair:6   | Found a viscous altar of Jiyva.
 14051 | Lair:6   | Noticed an acid blob
 14054 | Lair:6   | Found a staircase to the Slime Pits.
 14066 | Lair:6   | Killed an acid blob
 14249 | Lair:6   | Got a translucent amber ring
 14277 | Lair:6   | Identified the cursed ring of the Scarab {rN++ Str-5 Int+5} (You found it on level 6 of the Lair of Beasts)
 14288 | Lair:6   | Identified the +5 ring mail "Zemutoim" {rF+} (You found it on level 6 of the Lair of Beasts)
 14349 | Lair:6   | Reached XP level 15. HP: 70/70 MP: 29/29
 14688 | Swamp:1  | Entered Level 1 of the Swamp
 14697 | Swamp:1  | Noticed Louise
 14705 | Swamp:1  | Noticed a thorn hunter
 14715 | Swamp:1  | Killed a thorn hunter
 14717 | Swamp:1  | Killed Louise
 14720 | Swamp:1  | Reached skill level 10 in Spellcasting
 14776 | Swamp:1  | Got a crude helmet
 14817 | Lair:3   | Identified the cursed +0 helmet of Otaen {rPois MR+} (You found it on level 1 of the Swamp)
 15001 | Swamp:1  | Got a heavily runed helmet
 15505 | Swamp:2  | Noticed Nikola
 15528 | Swamp:2  | Killed Nikola
 16279 | Swamp:3  | Reached XP level 16. HP: 44/75 MP: 31/31
 16802 | Swamp:3  | Gained mutation: Scrolls take you longer to read. [mutagenic meat]
 16805 | Swamp:3  | Lost mutation: You are resistant to hostile enchantments. (MR+) [mutagenic meat]
 16807 | Swamp:3  | Lost mutation: You are agile. (Dex +2) [mutagenic meat]
 16867 | Swamp:4  | Entered Level 4 of the Swamp
 16870 | Swamp:4  | Noticed a thorn hunter
 16890 | Swamp:4  | Killed a thorn hunter
 16964 | Swamp:4  | Noticed a thorn hunter
 16977 | Swamp:4  | Killed a thorn hunter
 17138 | Swamp:4  | Upgraded the game from 0.20-a0-568-ga8ed5d7 to 0.20-a0-645-g1049240
 17156 | Swamp:4  | Identified the +0 helmet of Tartarus {-Cast rCorr SInv Stlth+} (You found it on level 1 of the Swamp)
 17299 | Swamp:4  | Got a decaying rune of Zot
 17351 | Swamp:4  | Reached skill level 10 in Fighting
 17706 | Swamp:4  | Got warped gold dragon scales
 18079 | Lair:1   | Identified the +7 gold dragon scales "Zantenoch" {+Inv rPois rF+ rC+ rCorr Str-5 SInv} (You found it on level 4 of the Swamp)
 18136 | Snake:1  | Entered Level 1 of the Snake Pit
 18593 | Snake:1  | Reached XP level 17. HP: 80/80 MP: 33/33
 18677 | Snake:1  | Found Monkoabb's Jewellery Boutique.
 18677 | Snake:1  | Found Ykid's Gadget Emporium.
 18678 | Snake:1  | Found Qoulyoru's Gadget Emporium.
 19029 | Snake:2  | Noticed Vashnia
 19044 | Snake:2  | Killed Vashnia
 19059 | Snake:2  | Gained mutation: Scrolls take you much longer to read. [potion of mutation]
 19059 | Snake:2  | Lost mutation: Scrolls take you much longer to read. [potion of mutation]
 19356 | Snake:3  | Reached skill level 10 in Dodging
 19375 | Snake:3  | Found Plog's Magic Scroll Emporium.
 19387 | Snake:3  | Bought a scroll of identify for 42 gold pieces
 19387 | Snake:3  | Bought a scroll of identify for 42 gold pieces
 19387 | Snake:3  | Bought a scroll of blinking for 157 gold pieces
 19407 | Snake:3  | Gained mutation: You have sharp fingernails. [mutagenic meat]
 19408 | Snake:3  | Gained mutation: Your mind is acute. (Int +2) [mutagenic meat]
 19411 | Snake:3  | Gained mutation: You have large cloven feet. [mutagenic meat]
 19412 | Snake:3  | Lost mutation: Your mind is acute. (Int +2) [mutagenic meat]
 19588 | Snake:3  | Gained mutation: You are partially covered in iridescent scales. (AC +2) [mutagenic meat]
 19589 | Snake:3  | Lost mutation: Scrolls take you longer to read. [mutagenic meat]
 19913 | Snake:3  | Noticed Kirke
 19933 | Snake:3  | Killed Kirke
 20192 | Snake:3  | Got a blackened ring mail
 20219 | Snake:3  | Lost mutation: You have large cloven feet. [potion of mutation]
 20219 | Snake:3  | Gained mutation: Scrolls take you longer to read. [potion of mutation]
 20415 | Snake:3  | Identified the +5 ring mail of the Trout {rN+ rCorr Int+2 Stlth-} (You found it on level 3 of the Snake Pit)
 20427 | Snake:4  | Entered Level 4 of the Snake Pit
 20512 | Snake:4  | Noticed Asterion
 20525 | Snake:4  | Killed Asterion
 20551 | Snake:4  | Reached skill level 10 in Armour
 20604 | Snake:4  | Reached XP level 18. HP: 71/85 MP: 34/34
 20759 | Snake:4  | Reached skill level 15 in Long Blades
 20884 | Snake:4  | Found Xurutyg's Food Emporium.
 20980 | Snake:4  | Reached skill level 15 in Shields
 21032 | Snake:4  | Got a serpentine rune of Zot
 21274 | Snake:4  | Reached skill level 1 in Summonings
 21877 | D:11     | Found a shadowy altar of Dithmenos.
 21886 | D:11     | Got an encrusted arbalest
 22083 | D:11     | Noticed dpeg's ghost (journeyman OpAs)
 22098 | D:11     | Killed dpeg's ghost
 22709 | D:12     | Noticed Harold
 22724 | D:12     | Killed Harold
 23066 | D:12     | Gained mutation: You have large cloven feet. [mutagenic meat]
 24163 | D:13     | Identified the cursed +2 arbalest "Lynlal" {elec, +Fly rN+ Stlth+} (You found it on level 11 of the Dungeon)
 24628 | D:13     | Found an opulent altar of Gozag.
 24633 | D:13     | Found a basalt altar of Yredelemnul.
 24724 | D:14     | Found a gate to the Vaults.
 24724 | D:14     | Noticed Nessos
 24757 | D:14     | Noticed Agnes
 24777 | D:14     | Killed Agnes
 24781 | D:14     | Reached skill level 5 in Summonings
 24838 | D:14     | Killed Nessos
 24842 | D:14     | Reached XP level 19. HP: 90/90 MP: 36/36
 25343 | D:15     | Entered Level 15 of the Dungeon
 25485 | D:15     | Lost mutation: Your muscles are very strong. (Str +4) [mutagenic meat]
 25487 | D:15     | Gained mutation: You have hoof-like feet. [mutagenic meat]
 25489 | D:15     | Lost mutation: Scrolls take you longer to read. [mutagenic meat]
 25490 | D:15     | Gained mutation: You passively map the area around you. [mutagenic meat]
 25658 | D:15     | Found a staircase to the Depths.
 25763 | D:15     | Noticed Urug
 25768 | D:15     | Found Haov Umm's Food Shoppe.
 25774 | D:15     | Killed Urug
 26058 | Elf:1    | Entered Level 1 of the Elven Halls
 26068 | Elf:1    | Reached skill level 10 in Summonings
 26450 | Elf:1    | Identified the Catalogue of Attacks
 26699 | Elf:1    | Found Tanueb's Magic Scroll Boutique.
 26707 | Elf:1    | Bought 3 scrolls of enchant weapon for 315 gold pieces
 26713 | Elf:1    | Bought a scroll of acquirement for 728 gold pieces
 26715 | Elf:1    | Got a steaming plate armour
 26726 | Elf:1    | Identified the +1 plate armour "Musosaig" {rF+++ Regen+ Int-3 Dex+2} (You acquired it on level 1 of the Elven Halls)
 26736 | Elf:1    | Bought a scroll of enchant weapon for 105 gold pieces
 26736 | Elf:1    | Bought a scroll of enchant armour for 105 gold pieces
 27026 | Elf:2    | Got a crude gossamer ring
 27029 | Elf:2    | Identified the ring of the First Curses {rF+ rC+} (You found it on level 2 of the Elven Halls)
 27101 | Elf:2    | Noticed Roxanne
 27130 | Elf:2    | Killed Roxanne
 27151 | Elf:2    | Learned a level 9 spell: Shatter
 27158 | Elf:2    | Learned a level 6 spell: Statue Form
 27345 | Elf:2    | Found a huge runed gate.
 27345 | Elf:2    | Found a huge runed gate.
 27345 | Elf:2    | Found a huge runed gate.
 27345 | Elf:2    | Found a huge runed gate.
 27347 | Elf:2    | Found a huge runed gate.
 27706 | Elf:2    | Reached XP level 20. HP: 95/95 MP: 37/37
 28165 | Elf:3    | Entered Level 3 of the Elven Halls
 28319 | Elf:3    | Reached skill level 1 in Short Blades
 28328 | Elf:3    | Reached skill level 1 in Stealth
 28399 | Elf:3    | Noticed Donald
 28419 | Elf:3    | Killed Donald
 28464 | Elf:3    | Noticed a Tzitzimitl
 28585 | Elf:3    | Got a warped amber ring
 28686 | Elf:3    | Identified the +0 chain mail of Disaster {rPois} (You found it on level 3 of the Elven Halls)
 28739 | Elf:3    | Learned a level 1 spell: Beastly Appendage
 28749 | Elf:3    | Learned a level 3 spell: Lesser Beckoning
 28754 | Elf:3    | Learned a level 4 spell: Passage of Golubria
 28757 | Elf:3    | Got a steaming glass ring
 28974 | Elf:3    | Identified the ring of Twilight {Wiz -Tele rF- MR+++ Int+5} (You found it on level 3 of the Elven Halls)
 28977 | Elf:3    | Identified the ring of Noon {rElec rC+ SInv Stlth+} (You took it off a deep elf annihilator on level 3 of the Elven Halls)
 29580 | Vaults:1 | Entered Level 1 of the Vaults
 29654 | Vaults:1 | Learned a level 2 spell: Passwall
 29657 | Vaults:1 | Learned a level 2 spell: Swiftness
 29793 | Vaults:1 | Reached skill level 5 in Stealth
 29856 | Vaults:1 | Reached XP level 21. HP: 100/100 MP: 39/39
 30621 | Vaults:2 | Reached skill level 5 in Short Blades
 30667 | Vaults:2 | Found a flickering gateway to a bazaar.
 30676 | Bazaar   | Entered a bazaar
 30676 | Bazaar   | Found Iqiemext's Distillery.
 30676 | Bazaar   | Found Deske's Distillery.
 30677 | Bazaar   | Found Ciunuati's Distillery.
 30677 | Bazaar   | Found Votua's Distillery.
 30711 | Bazaar   | Bought a potion of invisibility for 64 gold pieces
 30711 | Bazaar   | Bought a potion of haste for 80 gold pieces
 30711 | Bazaar   | Bought a potion of haste for 80 gold pieces
 30711 | Bazaar   | Bought a potion of haste for 80 gold pieces
 30716 | Bazaar   | Bought a potion of cancellation for 96 gold pieces
 30716 | Bazaar   | Bought a potion of might for 48 gold pieces
 30716 | Bazaar   | Bought a potion of might for 48 gold pieces
 30716 | Bazaar   | Bought a potion of cancellation for 96 gold pieces
 30716 | Bazaar   | Bought a potion of might for 48 gold pieces
 30723 | Bazaar   | Bought 2 potions of resistance for 240 gold pieces
 30723 | Bazaar   | Bought a potion of cancellation for 96 gold pieces
 30777 | Vaults:2 | Lost mutation: Scrolls take you a little longer to read. [mutagenic meat]
 30780 | Vaults:2 | Lost mutation: You are frail. (-10% HP) [mutagenic meat]
 30816 | Vaults:2 | Gained mutation: You are occasionally teleported next to monsters. [mutagenic meat]
 30817 | Vaults:2 | Lost mutation: Your muscles are strong. (Str +2) [mutagenic meat]
 30818 | Vaults:2 | Gained mutation: You have a pair of small horns on your head. [mutagenic meat]
 30819 | Vaults:2 | Gained mutation: Your body sometimes deteriorates upon taking damage. [mutagenic meat]
 30820 | Vaults:2 | Lost mutation: You passively map the area around you. [mutagenic meat]
 30823 | Vaults:2 | Lost mutation: You have hoof-like feet. [potion of cure mutation]
 30823 | Vaults:2 | Lost mutation: Your body sometimes deteriorates upon taking damage. [potion of cure mutation]
 30823 | Vaults:2 | Lost mutation: You have a pair of small horns on your head. [potion of cure mutation]
 30823 | Vaults:2 | Lost mutation: You passively map a small area around you. [potion of cure mutation]
 30823 | Vaults:2 | Lost mutation: You are partially covered in iridescent scales. (AC +2) [potion of cure mutation]
 30823 | Vaults:2 | Lost mutation: You are occasionally teleported next to monsters. [potion of cure mutation]
 30854 | Vaults:2 | Gained mutation: You are frail. (-10% HP) [mutagenic meat]
 30855 | Vaults:2 | Gained mutation: You are weak. (Str -2) [mutagenic meat]
 30856 | Vaults:2 | Gained mutation: Your mind is acute. (Int +2) [mutagenic meat]
 30857 | Vaults:2 | Gained mutation: Your flesh is cold resistant. (rC+) [mutagenic meat]
 30858 | Vaults:2 | Gained mutation: Your mind is very acute. (Int +4) [mutagenic meat]
 30859 | Vaults:2 | Lost mutation: You are frail. (-10% HP) [mutagenic meat]
 31238 | Vaults:2 | Gained mutation: Your spells are a little harder to cast, but a little more powerful. [mutagenic meat]
 32068 | Vaults:3 | Gained mutation: You are partially covered in large bone plates. (SH +4) [mutagenic meat]
 32300 | Vaults:3 | Got a fine jade ring
 32352 | Vaults:3 | Identified the ring "Zeovam" {+Fly rC- MR+ Dex+3 Slay+3} (You found it on level 3 of the Vaults)
 32377 | Vaults:3 | Noticed Jorgrun
 32385 | Vaults:3 | Killed Jorgrun
 32429 | Vaults:3 | Reached XP level 22. HP: 119/119 MP: 40/40
 32560 | Vaults:3 | Reached skill level 10 in Stealth
 32895 | Vaults:3 | Found a staircase to the Crypt.
 33226 | Vaults:4 | Gained mutation: Your system is resistant to poisons. (rPois) [mutagenic meat]
 33228 | Vaults:4 | Lost mutation: You are weak. (Str -2) [mutagenic meat]
 33421 | Vaults:4 | Identified the Catalogue of Ashen Lightness
 33429 | Vaults:4 | Learned a level 5 spell: Lee's Rapid Deconstruction
 33455 | Vaults:4 | Gained mutation: You are frail. (-10% HP) [mutagenic meat]
 33456 | Vaults:4 | Gained mutation: You occasionally shout uncontrollably at your foes. [mutagenic meat]
 33606 | Vaults:4 | Identified the Tome of Attacks and Moulding
 33733 | Vaults:4 | Noticed OgreWrestling's ghost (adept TrMo)
 33763 | Vaults:4 | Killed OgreWrestling's ghost
 34479 | Vaults:5 | Entered Level 5 of the Vaults
 34485 | Vaults:5 | Reached XP level 23. HP: 112/112 MP: 42/42
 34722 | Vaults:5 | Reached skill level 10 in Short Blades
 34741 | Vaults:5 | Reached skill level 15 in Fighting
 34809 | Vaults:5 | Noticed a golden dragon
 34815 | Vaults:5 | Killed a golden dragon
 34823 | Vaults:5 | Lost mutation: You are frail. (-10% HP) [mutagenic meat]
 34825 | Vaults:5 | Gained mutation: You are partially covered in rugged brown scales. (AC +1, +3% HP) [mutagenic meat]
 34826 | Vaults:5 | Lost mutation: You are partially covered in rugged brown scales. (AC +1, +3% HP) [mutagenic meat]
 34960 | Vaults:5 | Gained mutation: Your spells are harder to cast, but more powerful. [mutagenic meat]
 34996 | Vaults:5 | Identified the +1 great sword "Beastslayer" {freeze, Int+4} (You took it off a tengu reaver on level 5 of the Vaults)
 35087 | Vaults:5 | Noticed an ancient lich
 35090 | Vaults:5 | Reached XP level 24. HP: 132/132 MP: 42/42
 35095 | Vaults:5 | Killed an ancient lich
 35107 | Vaults:5 | Got a fine crystal plate armour
 35118 | Vaults:5 | Identified the +15 crystal plate armour of Mumblety Peg {Regen+ Str-5 Dex+4} (You acquired it on level 5 of the Vaults)
 35174 | Vaults:5 | Got an ancient tin amulet
 35189 | Vaults:5 | Got a heavily runed copper amulet
 35221 | Vaults:5 | Got a twisted chain mail
 35255 | Vaults:5 | Learned a level 3 spell: Regeneration
 35256 | Vaults:5 | Got a silver rune of Zot
 35266 | Vaults:5 | Learned a level 6 spell: Deflect Missiles
 35270 | Vaults:5 | Identified the amulet of Ehaemiwk {rC- rN+ Regen+ Dex+7} (You found it on level 5 of the Vaults)
 35316 | Vaults:5 | Got an ancient crystal plate armour
 35457 | Vaults:5 | Found Nesat's Gadget Boutique.
 35802 | Vaults:5 | Identified the +7 crystal plate armour of Entitlement {Dex+3} (You found it on level 5 of the Vaults)
 35813 | Vaults:5 | Identified the +7 chain mail "Rurphibas" {rF+ rCorr Str+3} (You took it off a vault warden on level 5 of the Vaults)
 36238 | Elf:1    | Bought a scroll of identify for 28 gold pieces
 36238 | Elf:1    | Bought a scroll of identify for 28 gold pieces
 36238 | Elf:1    | Identified the amulet of Gugegaj {RegenMP MR+ Dex+2} (You found it on level 5 of the Vaults)
 36551 | Crypt:1  | Entered Level 1 of the Crypt
 36691 | Crypt:1  | Noticed Jory
 36698 | Crypt:1  | Killed Jory
 37602 | Crypt:2  | Got a faintly glowing helmet
 37603 | Crypt:2  | Identified the +4 helmet of New Discoveries {rF+ Stlth+} (You found it on level 2 of the Crypt)
 37839 | Crypt:3  | Entered Level 3 of the Crypt
 37839 | Crypt:3  | Found a staircase to the Tomb.
 37983 | Crypt:3  | Noticed a curse toe
 37988 | Crypt:3  | Killed a curse toe
 38048 | Crypt:3  | Noticed Khufu
 38049 | Crypt:3  | Noticed a greater mummy
 38051 | Crypt:3  | Noticed a greater mummy
 38054 | Crypt:3  | Killed Khufu
 38059 | Crypt:3  | Killed a greater mummy
 38060 | Crypt:3  | Killed a greater mummy
 38060 | Crypt:3  | Reached XP level 25. HP: 109/138 MP: 42/42
 38068 | Crypt:3  | Reached skill level 15 in Spellcasting
 38657 | Crypt:3  | Identified Sinu's Volume of Black Secrets
 38855 | Crypt:3  | Noticed an ancient lich
 38864 | Crypt:3  | Killed an ancient lich
 38975 | Tomb:1   | Entered Level 1 of the Tomb of the Ancients
 39005 | Tomb:1   | Lost mutation: Your mind is very acute. (Int +4) [potion of mutation]
 39375 | Tomb:1   | Noticed a greater mummy
 39384 | Tomb:1   | Killed a greater mummy
 39396 | Tomb:1   | Noticed a greater mummy
 39412 | Tomb:1   | Killed a greater mummy
 39545 | Tomb:1   | Got a fine bronze ring
 39546 | Tomb:1   | Identified the ring of Trepidation {rElec rF+ Str+3 SInv Stlth+} (You found it on level 1 of the Tomb of the Ancients)
 39675 | Tomb:2   | Noticed a greater mummy
 39675 | Tomb:2   | Noticed a greater mummy
 39687 | Tomb:2   | Noticed a greater mummy
 39688 | Tomb:2   | Noticed a greater mummy
 39692 | Tomb:2   | Killed a greater mummy
 39693 | Tomb:2   | Killed a greater mummy
 39694 | Tomb:2   | Reached XP level 26. HP: 126/145 MP: 43/43
 39700 | Tomb:2   | Killed a greater mummy
 39703 | Tomb:2   | Killed a greater mummy
 39771 | Tomb:2   | Gained mutation: You are weak. (Str -2) [potion of mutation]
 39964 | Tomb:2   | Upgraded the game from 0.20-a0-645-g1049240 to 0.20-a0-623-g0431c14
 40068 | Tomb:1   | Noticed a greater mummy
 40076 | Tomb:1   | Killed a greater mummy
 40101 | Tomb:1   | Noticed a greater mummy
 40109 | Tomb:1   | Killed a greater mummy
 40109 | Tomb:1   | Reached skill level 15 in Armour
 40134 | Tomb:1   | Noticed a greater mummy
 40136 | Tomb:1   | Noticed a greater mummy
 40140 | Tomb:1   | Killed a greater mummy
 40141 | Tomb:1   | Noticed a greater mummy
 40142 | Tomb:1   | Killed a greater mummy
 40151 | Tomb:1   | Killed a greater mummy
 40159 | Tomb:1   | Noticed a greater mummy
 40180 | Tomb:1   | Killed a greater mummy
 40225 | Tomb:1   | Noticed a greater mummy
 40232 | Tomb:1   | Killed a greater mummy
 40233 | Tomb:1   | Noticed a greater mummy
 40243 | Tomb:1   | Killed a greater mummy
 40257 | Tomb:1   | Noticed a greater mummy
 40262 | Tomb:1   | Killed a greater mummy
 40300 | Tomb:1   | Noticed a greater mummy
 40300 | Tomb:1   | Noticed a greater mummy
 40306 | Tomb:1   | Noticed a greater mummy
 40313 | Tomb:1   | Killed a greater mummy
 40324 | Tomb:1   | Killed a greater mummy
 40333 | Tomb:1   | Killed a greater mummy
 40468 | Tomb:3   | Entered Level 3 of the Tomb of the Ancients
 40480 | Tomb:3   | Lost mutation: You have large cloven feet. [potion of mutation]
 40480 | Tomb:3   | Lost mutation: You occasionally shout uncontrollably at your foes. [potion of mutation]
 40480 | Tomb:3   | Lost mutation: You are weak. (Str -2) [potion of mutation]
 40480 | Tomb:3   | Lost mutation: Your flesh is cold resistant. (rC+) [potion of mutation]
 40480 | Tomb:3   | Gained mutation: Your mind is very acute. (Int +4) [potion of mutation]
 40486 | Tomb:3   | Reached skill level 15 in Dodging
 40507 | Tomb:3   | Reached XP level 27. HP: 68/151 MP: 43/43
 40515 | Tomb:3   | Noticed a greater mummy
 40516 | Tomb:3   | Noticed a greater mummy
 40518 | Tomb:3   | Killed a greater mummy
 40525 | Tomb:3   | Killed a greater mummy
 40527 | Tomb:3   | Noticed a greater mummy
 40530 | Tomb:3   | Noticed a greater mummy
 40532 | Tomb:3   | Noticed a greater mummy
 40533 | Tomb:3   | Killed a greater mummy
 40536 | Tomb:3   | Killed a greater mummy
 40537 | Tomb:3   | Noticed a greater mummy
 40538 | Tomb:3   | Killed a greater mummy
 40539 | Tomb:3   | Noticed an ancient lich
 40540 | Tomb:3   | Killed a greater mummy
 40543 | Tomb:3   | Noticed a greater mummy
 40544 | Tomb:3   | Killed an ancient lich
 40546 | Tomb:3   | Killed a greater mummy
 40551 | Tomb:3   | Noticed a greater mummy
 40555 | Tomb:3   | Killed a greater mummy
 40656 | Tomb:3   | Got a golden rune of Zot
 40785 | Tomb:3   | Learned a level 7 spell: Ring of Flames
 40788 | Tomb:3   | Identified the +11 long sword "Zerueq Gin" {antimagic, Str+6} (You found it on level 3 of the Tomb of the Ancients)
 40796 | Tomb:3   | Identified the amulet "Huywinoa" {Inacc rC+} (You found it on level 3 of the Tomb of the Ancients)
 40798 | Tomb:3   | Identified the ring of Sucec {Wiz rPois rF+ Dex-3} (You found it on level 3 of the Tomb of the Ancients)
 40799 | Tomb:3   | Identified Nainau Neri's Almanac of the Blaze
 40802 | Tomb:3   | Identified the ring "Rumehom" {+Fly Str+3 Int+4} (You found it on level 3 of the Tomb of the Ancients)
 41848 | Slime:1  | Entered Level 1 of the Pits of Slime
 42851 | Slime:5  | Entered Level 5 of the Pits of Slime
 43473 | Slime:5  | Found a viscous altar of Jiyva.
 43473 | Slime:5  | Noticed the Royal Jelly
 43546 | Slime:5  | Killed the Royal Jelly
 43581 | Slime:5  | Got a slimy rune of Zot
 44042 | Depths:1 | Entered Level 1 of the Depths
 44162 | Depths:1 | Found Ziof's Weapon Shoppe.
 44448 | Depths:1 | Found Vyuqeom's Gadget Shoppe.
 44464 | Depths:1 | Found Lohotuz's Magic Scroll Emporium.
 44469 | Depths:1 | Bought a scroll of identify for 44 gold pieces
 44469 | Depths:1 | Bought a scroll of enchant armour for 165 gold pieces
 44469 | Depths:1 | Bought a scroll of identify for 44 gold pieces
 44469 | Depths:1 | Bought a scroll of fog for 44 gold pieces
 44663 | Depths:1 | Found a gateway to Hell.
 44666 | Depths:1 | Found Voxary's Gadget Emporium.
 44793 | Depths:1 | Gained mutation: You are clumsy. (Dex -2) [mutagenic meat]
 45010 | Depths:1 | Found Niheun's Jewellery Shoppe.
 45499 | Depths:2 | Found a shimmering altar of Xom.
 45551 | Depths:2 | Found a deep blue altar of Sif Muna.
 45660 | Depths:2 | Found a shattered altar of Ashenzari.
 45767 | Depths:2 | Found a sparkling altar of Nemelex Xobeh.
 45865 | Depths:2 | Noticed a juggernaut
 45884 | Depths:2 | Killed a juggernaut
 45927 | Depths:2 | Gained mutation: Your flesh is heat resistant. (rF+) [mutagenic meat]
 45928 | Depths:2 | Lost mutation: You have sharp fingernails. [mutagenic meat]
 45929 | Depths:2 | Noticed a juggernaut
 45929 | Depths:2 | Lost mutation: Your spells are harder to cast, but more powerful. [mutagenic meat]
 45930 | Depths:2 | Gained mutation: Your body sometimes deteriorates upon taking damage. [mutagenic meat]
 45938 | Depths:2 | Killed a juggernaut
 45986 | Depths:2 | Identified the +0 pair of gloves of Yjuidob {Str+6} (You found it on level 2 of the Depths)
 46009 | Depths:2 | Identified Sesuuh's Incunabulum of Blistering Execration
 46014 | Depths:2 | Learned a level 1 spell: Summon Butterflies
 46048 | Depths:2 | Identified the +2 hat of the Comet {+Inv SInv} (You found it on level 2 of the Depths)
 46172 | Depths:2 | Noticed Mara
 46174 | Depths:2 | Noticed theclanless's illusion
 46179 | Depths:2 | Killed Mara
 46229 | Depths:2 | Gained mutation: You have a pair of small antennae on your head. [mutagenic meat]
 46230 | Depths:2 | Lost mutation: Your spells are a little harder to cast, but a little more powerful. [potion of mutation]
 46230 | Depths:2 | Lost mutation: Your system is resistant to poisons. (rPois) [potion of mutation]
 46230 | Depths:2 | Lost mutation: You are clumsy. (Dex -2) [potion of mutation]
 46230 | Depths:2 | Gained mutation: You are frail. (-10% HP) [potion of mutation]
 46230 | Depths:2 | Gained mutation: You can translocate small distances at will. [potion of mutation]
 46231 | Depths:2 | Lost mutation: You are frail. (-10% HP) [potion of mutation]
 46231 | Depths:2 | Lost mutation: You can translocate small distances at will. [potion of mutation]
 46231 | Depths:2 | Lost mutation: Your body sometimes deteriorates upon taking damage. [potion of mutation]
 46231 | Depths:2 | Lost mutation: You have a pair of small antennae on your head. [potion of mutation]
 46231 | Depths:2 | Lost mutation: You are partially covered in large bone plates. (SH +4) [potion of mutation]
 46231 | Depths:2 | Gained mutation: Armour fits poorly on your strangely shaped body. [potion of mutation]
 46231 | Depths:2 | Gained mutation: Your spells are a little easier to cast, but a little less powerful. [potion of mutation]
 46231 | Depths:2 | Gained mutation: You are weak. (Str -2) [potion of mutation]
 46231 | Depths:2 | Gained mutation: You are partially covered in yellow scales. (AC +2) [potion of mutation]
 46232 | Depths:2 | Lost mutation: Your flesh is heat resistant. (rF+) [potion of mutation]
 46232 | Depths:2 | Lost mutation: Armour fits poorly on your strangely shaped body. [potion of mutation]
 46232 | Depths:2 | Gained mutation: You passively map a small area around you. [potion of mutation]
 46232 | Depths:2 | Gained mutation: Your body sometimes deteriorates upon taking damage. [potion of mutation]
 46232 | Depths:2 | Gained mutation: You occasionally shout uncontrollably at your foes. [potion of mutation]
 46232 | Depths:2 | Gained mutation: You are partially covered in molten scales. (AC +2) [potion of mutation]
 46291 | Depths:2 | Noticed Bai Suzhen
 46304 | Depths:2 | Killed Bai Suzhen
 46406 | Depths:2 | Lost mutation: You are weak. (Str -2) [mutagenic meat]
 46723 | Vaults:5 | Lost mutation: Your body sometimes deteriorates upon taking damage. [potion of mutation]
 46723 | Vaults:5 | Lost mutation: Your spells are a little easier to cast, but a little less powerful. [potion of mutation]
 46723 | Vaults:5 | Lost mutation: You occasionally shout uncontrollably at your foes. [potion of mutation]
 46723 | Vaults:5 | Lost mutation: Your mind is very acute. (Int +4) [potion of mutation]
 46723 | Vaults:5 | Lost mutation: You are partially covered in molten scales. (AC +2) [potion of mutation]
 46723 | Vaults:5 | Gained mutation: You are partially covered in molten scales. (AC +2) [potion of mutation]
 46723 | Vaults:5 | Gained mutation: You have sharp toenails. [potion of mutation]
 46723 | Vaults:5 | Gained mutation: Your flesh is heat resistant. (rF+) [potion of mutation]
 47036 | Depths:3 | Noticed the Enchantress
 47041 | Depths:3 | Killed the Enchantress
 47137 | Depths:3 | Lost mutation: Your mind is acute. (Int +2) [mutagenic meat]
 47263 | Depths:3 | Identified the +4 faerie dragon scales {rElec rF- Regen+ rCorr MP+2 Int+2} (You took it off the Enchantress on level 3 of the Depths)
 47288 | Depths:3 | Got a slimy amber ring
 47289 | Depths:3 | Identified the ring "Himithrif" {rPois rN+ Dex+6} (You found it on level 3 of the Depths)
 47367 | Depths:3 | Found a one-way gate leading to the halls of Pandemonium.
 47515 | Depths:3 | Gained mutation: Armour fits poorly on your strangely shaped body. [mutagenic meat]
 47526 | Depths:3 | Lost mutation: You are partially covered in molten scales. (AC +2) [potion of mutation]
 47526 | Depths:3 | Lost mutation: Your flesh is heat resistant. (rF+) [potion of mutation]
 47526 | Depths:3 | Lost mutation: You are partially covered in yellow scales. (AC +2) [potion of mutation]
 47526 | Depths:3 | Lost mutation: You passively map a small area around you. [potion of mutation]
 47526 | Depths:3 | Lost mutation: Armour fits poorly on your strangely shaped body. [potion of mutation]
 47526 | Depths:3 | Gained mutation: Your spells are a little easier to cast, but a little less powerful. [potion of mutation]
 47526 | Depths:3 | Gained mutation: You are clumsy. (Dex -2) [potion of mutation]
 47526 | Depths:3 | Lost mutation: You are clumsy. (Dex -2) [potion of mutation]
 47607 | Depths:3 | Gained mutation: You occasionally shout uncontrollably at your foes. [mutagenic meat]
 47611 | Depths:3 | Lost mutation: You have sharp toenails. [mutagenic meat]
 47612 | Depths:3 | Gained mutation: You expend magic power (3 MP) to strengthen your wands. [mutagenic meat]
 48025 | Depths:4 | Found a magical portal.
 48035 | WizLab   | Entered The Roulette of Golubria
 48039 | WizLab   | Found a corrupted altar of Lugonu.
 48138 | WizLab   | Found a corrupted altar of Lugonu.
 48517 | WizLab   | Identified Golubria's Catalogue of Orientation
 48599 | WizLab   | Learned a level 8 spell: Controlled Blink
 48765 | WizLab   | Identified the +5 cloak "Kaucaic" {rF+ Str+3} (You found it in a wizard's laboratory)
 48773 | WizLab   | Identified the cursed +0 cloak "Uneaps" {Str+4} (You found it in a wizard's laboratory)
 49060 | Depths:4 | Found a one-way gate to the infinite horrors of the Abyss.
 49173 | Depths:4 | Noticed Boris
 49187 | Depths:4 | Killed Boris
 49802 | Depths:5 | Entered Level 5 of the Depths
 50071 | Depths:5 | Found a gateway to a ziggurat.
 50338 | Depths:5 | Gained mutation: Armour fits poorly on your strangely shaped body. [mutagenic meat]
 50339 | Depths:5 | Gained mutation: You possess an exceptional clarity of mind. [mutagenic meat]
 50340 | Depths:5 | Lost mutation: Armour fits poorly on your strangely shaped body. [mutagenic meat]
 50350 | Depths:5 | Gained mutation: You are dopey. (Int -2) [mutagenic meat]
 50351 | Depths:5 | Lost mutation: You expend magic power (3 MP) to strengthen your wands. [mutagenic meat]
 50352 | Depths:5 | Gained mutation: You are partially covered in rugged brown scales. (AC +1, +3% HP) [mutagenic meat]
 50353 | Depths:5 | Lost mutation: You are dopey. (Int -2) [mutagenic meat]
 50566 | Depths:5 | Found a gate to the Realm of Zot.
 50613 | Depths:5 | Found a bloodstained altar of Trog.
 50818 | Zig:1    | Entered Level 1 of a ziggurat
 50836 | Zig:2    | Entered Level 2 of a ziggurat
 50858 | Zig:3    | Entered Level 3 of a ziggurat
 50874 | Zig:3    | Got a glittering granite ring
 50882 | Zig:3    | Identified the ring "Ipsy" {rPois Str+4 Dex+3} (You found it on level 3 of a ziggurat)
 50891 | Zig:4    | Entered Level 4 of a ziggurat
 50930 | Zig:5    | Entered Level 5 of a ziggurat
 50965 | Zig:6    | Entered Level 6 of a ziggurat
 50987 | Zig:6    | Gained mutation: You are clumsy. (Dex -2) [mutagenic meat]
 50988 | Zig:6    | Lost mutation: You are clumsy. (Dex -2) [mutagenic meat]
 50989 | Zig:6    | Gained mutation: You are clumsy. (Dex -2) [mutagenic meat]
 50990 | Zig:6    | Gained mutation: You have large cloven feet. [mutagenic meat]
 51030 | Zig:7    | Entered Level 7 of a ziggurat
 51064 | Zig:7    | Got a scorched platinum amulet
 51065 | Zig:7    | Identified the amulet "Urudgh" {Reflect rN++ Str+5 SH+4 Stlth-} (You found it on level 7 of a ziggurat)
 51077 | Zig:8    | Entered Level 8 of a ziggurat
 51086 | Zig:8    | Noticed Zuom the pandemonium lord
 51110 | Zig:8    | Killed Zuom the pandemonium lord
 51134 | Zig:8    | Identified the Compendium of Air and the Blaze
 51153 | Zig:9    | Entered Level 9 of a ziggurat
 51174 | Zig:9    | Noticed Lashryw the pandemonium lord
 51180 | Zig:9    | Killed Lashryw the pandemonium lord
 51234 | Zig:10   | Entered Level 10 of a ziggurat
 51272 | Zig:10   | Gained mutation: You evolve. [mutagenic meat]
 51273 | Zig:10   | Gained mutation: You are partially covered in large bone plates. (SH +4) [mutagenic meat]
 51274 | Zig:10   | Gained mutation: Your body sometimes deteriorates upon taking damage. [mutagenic meat]
 51281 | Zig:10   | Gained mutation: You are weak. (Str -2) [mutagenic meat]
 51282 | Zig:10   | Lost mutation: You are clumsy. (Dex -2) [mutagenic meat]
 51283 | Zig:10   | Gained mutation: Armour fits poorly on your strangely shaped body. [mutagenic meat]
 51284 | Zig:10   | Gained mutation: Your system is resistant to poisons. (rPois) [mutagenic meat]
 51285 | Zig:10   | Lost mutation: You are partially covered in large bone plates. (SH +4) [potion of mutation]
 51285 | Zig:10   | Lost mutation: Armour fits poorly on your strangely shaped body. [potion of mutation]
 51285 | Zig:10   | Gained mutation: Your mind is acute. (Int +2) [potion of mutation]
 51285 | Zig:10   | Gained mutation: You have a pair of small horns on your head. [potion of mutation]
 51289 | Zig:10   | Lost mutation: Your body sometimes deteriorates upon taking damage. [potion of mutation]
 51289 | Zig:10   | Lost mutation: You are weak. (Str -2) [potion of mutation]
 51289 | Zig:10   | Lost mutation: You have large cloven feet. [potion of mutation]
 51289 | Zig:10   | Lost mutation: Your system is resistant to poisons. (rPois) [potion of mutation]
 51289 | Zig:10   | Lost mutation: You have a pair of small horns on your head. [potion of mutation]
 51289 | Zig:10   | Lost mutation: Your mind is acute. (Int +2) [potion of mutation]
 51289 | Zig:10   | Gained mutation: Your mind is acute. (Int +2) [potion of mutation]
 51289 | Zig:10   | Gained mutation: You are agile. (Dex +2) [potion of mutation]
 51298 | Zig:10   | Identified the +2 leather armour of Juek {MR+} (You found it on level 10 of a ziggurat)
 51309 | Zig:10   | Got a shimmering iron ring
 51310 | Zig:10   | Identified the ring of Contentment {Fire *Drain rN+ Stlth+} (You found it on level 10 of a ziggurat)
 51330 | Zig:11   | Entered Level 11 of a ziggurat
 51398 | Zig:11   | Gained mutation: Armour fits poorly on your strangely shaped body. [mutagenic meat]
 51418 | Zig:11   | Got a pair of distressingly furry boots
 51429 | Zig:11   | Identified the cursed -1 pair of boots of the Eight Boll Weevils {*Slow +Inv rElec Regen+} (You found it on level 11 of a ziggurat)
 51430 | Zig:11   | Got a faintly glowing ivory ring
 51432 | Zig:11   | Identified the ring of Jizadiskoi {rPois rN+ MR+ Str+2} (You found it on level 11 of a ziggurat)
 51437 | Zig:11   | Got a transparent silver ring
 51439 | Zig:11   | Identified the ring of Viomipit {rElec rF- Str+2 Int+6} (You found it on level 11 of a ziggurat)
 51484 | Zig:12   | Entered Level 12 of a ziggurat
 51536 | Zig:12   | Lost mutation: Armour fits poorly on your strangely shaped body. [potion of mutation]
 51536 | Zig:12   | Lost mutation: Your mind is acute. (Int +2) [potion of mutation]
 51536 | Zig:12   | Gained mutation: Your body sometimes deteriorates upon taking damage. [potion of mutation]
 51536 | Zig:12   | Gained mutation: You have a pair of small horns on your head. [potion of mutation]
 51569 | Zig:13   | Entered Level 13 of a ziggurat
 51623 | Zig:13   | Lost mutation: Your spells are a little easier to cast, but a little less powerful. [potion of mutation]
 51623 | Zig:13   | Lost mutation: Your body sometimes deteriorates upon taking damage. [potion of mutation]
 51623 | Zig:13   | Gained mutation: Your muscles are strong. (Str +2) [potion of mutation]
 51635 | Zig:13   | Identified Sif Muna's Disquisition on the Voyage and Evil
 51646 | Zig:13   | Got a bound silver amulet
 51647 | Zig:13   | Identified the amulet of Jawuorr {Harm *Drain Dex+3} (You found it on level 13 of a ziggurat)
 51650 | Zig:13   | Got a shimmering copper ring
 51651 | Zig:13   | Identified the cursed ring of New Discoveries {EV-3 Dex+4} (You found it on level 13 of a ziggurat)
 51662 | Zig:13   | Identified the Collected Works on the Dusty Snowflakes
 51670 | Zig:14   | Entered Level 14 of a ziggurat
 51759 | Zig:14   | Got a dazzling demon blade
 51760 | Zig:14   | Identified the +3 demon blade "Zyriettef" {slice, *Corrode rC+ Int+7} (You found it on level 14 of a ziggurat)
 51769 | Zig:14   | Got a sparkling bone amulet
 51774 | Zig:14   | Identified the amulet of Daamp {RegenMP Str+6} (You found it on level 14 of a ziggurat)
 51790 | Zig:15   | Entered Level 15 of a ziggurat
 51924 | Zig:15   | Identified the Grimoire of Moulding
 51954 | Zig:15   | Lost mutation: You occasionally shout uncontrollably at your foes. [potion of mutation]
 51954 | Zig:15   | Lost mutation: You have a pair of small horns on your head. [potion of mutation]
 51954 | Zig:15   | Gained mutation: Your movements are slightly less encumbered by armour. (ER -2) [potion of mutation]
 51954 | Zig:15   | Gained mutation: You are very agile. (Dex +4) [potion of mutation]
 51994 | Zig:16   | Entered Level 16 of a ziggurat
 52068 | Zig:16   | Got an ancient bronze ring
 52069 | Zig:16   | Identified the ring of Guntism {+Fly MP-9 Str-3 Int+9 Dex+3} (You found it on level 16 of a ziggurat)
 52078 | Zig:16   | Identified the Incunabulum of Displaced Evil
 52106 | Zig:17   | Entered Level 17 of a ziggurat
 52132 | Zig:17   | Gained mutation: Your body sometimes deteriorates upon taking damage. [a shining eye]
 52135 | Zig:17   | Gained mutation: Your magical capacity is low. (-10% MP) [a shining eye]
 52175 | Zig:17   | Got a sparkling turquoise ring
 52176 | Zig:17   | Identified the ring "Torett" {rF+ rN+ Str-4 Int+3} (You found it on level 17 of a ziggurat)
 52181 | Zig:17   | Got a twitching turquoise ring
 52182 | Zig:17   | Identified the ring "Fuekleit" {Fire Dex+4 Slay+2} (You found it on level 17 of a ziggurat)
 52187 | Zig:17   | Identified the Handbook of Malediction and the Rocks
 52197 | Zig:17   | Identified the cursed +0 long sword "Posophio" {drain, *Noise rN+++ Stlth+} (You found it on level 17 of a ziggurat)
 52209 | Zig:18   | Entered Level 18 of a ziggurat
 52282 | Zig:18   | Noticed an ancient lich
 52283 | Zig:18   | Noticed an ancient lich
 52307 | Zig:18   | Killed an ancient lich
 52312 | Zig:18   | Killed an ancient lich
 52337 | Zig:18   | Noticed an ancient lich
 52360 | Zig:18   | Killed an ancient lich
 52365 | Zig:18   | Gained mutation: Your mind is acute. (Int +2) [mutagenic meat]
 52366 | Zig:18   | Lost mutation: Your magical capacity is low. (-10% MP) [mutagenic meat]
 52375 | Zig:18   | Gained mutation: You are mostly covered in rugged brown scales. (AC +2, +5% HP) [mutagenic meat]
 52444 | Zig:18   | Lost mutation: Your body sometimes deteriorates upon taking damage. [evolution]
 52489 | Zig:18   | Reached skill level 5 in Translocations
 52493 | Zig:18   | Identified the Disquisition on Battle Magic
 52503 | Zig:18   | Got a glittering golden amulet
 52504 | Zig:18   | Identified the amulet of Descent {rElec rPois Regen+ Int+3 Dex-3} (You found it on level 18 of a ziggurat)
 52541 | Zig:19   | Entered Level 19 of a ziggurat
 52681 | Zig:19   | Identified the Tome of Calling
 52684 | Zig:19   | Identified Inihorgh's Further Steps in Rites and Rhymes
 52690 | Zig:19   | Got a faintly glowing pewter ring
 52691 | Zig:19   | Identified the ring "Xonum" {Int+3 Slay+3 SInv} (You found it on level 19 of a ziggurat)
 52695 | Zig:19   | Identified the Volume of Spatial Curses
 52699 | Zig:19   | Identified the Handbook of Igneous Transmigration
 52707 | Zig:19   | Identified the Reference Book on Feathers
 52728 | Zig:19   | Learned a level 5 spell: Summon Demon
 52733 | Zig:20   | Entered Level 20 of a ziggurat
 52849 | Zig:20   | Identified the +7 long sword "Paheitol" {pain, *Noise rPois MR+} (You found it on level 20 of a ziggurat)
 52851 | Zig:20   | Identified Qurit's Disquisition on Moulding and Boosts
 52866 | Zig:20   | Learned a level 9 spell: Dragon's Call
 52898 | Zig:20   | Identified the Volume of the Arsonist and Confrontation
 52904 | Zig:20   | Identified Ojedepy's Compendium of the Three Blessings
 52965 | Zig:21   | Entered Level 21 of a ziggurat
 53176 | Zig:21   | Identified the ring "Misuxt" {MR+ Str+9} (You found it on level 21 of a ziggurat)
 53183 | Zig:22   | Entered Level 22 of a ziggurat
 53230 | Zig:22   | Noticed an ancient lich
 53235 | Zig:22   | Killed an ancient lich
 53264 | Zig:22   | Identified the amulet "Ojiedom" {Harm *Drain Fragile rN+ SInv} (You found it on level 22 of a ziggurat)
 53310 | Zig:22   | Identified the ring "Miereu" {+Fly rN+} (You found it on level 22 of a ziggurat)
 53320 | Zig:23   | Entered Level 23 of a ziggurat
 53476 | Zig:23   | Identified the amulet "Ungun" {*Drain +Rage rElec rF++ MR+++} (You found it on level 23 of a ziggurat)
 53477 | Zig:23   | Identified Sif Muna's Grimoire of Doomed Boosts
 53550 | Zig:24   | Entered Level 24 of a ziggurat
 53767 | Zig:25   | Entered Level 25 of a ziggurat
 53780 | Zig:25   | Noticed a greater mummy
 53784 | Zig:25   | Noticed a greater mummy
 53784 | Zig:25   | Noticed a greater mummy
 53787 | Zig:25   | Killed a greater mummy
 53788 | Zig:25   | Noticed a greater mummy
 53792 | Zig:25   | Killed a greater mummy
 53797 | Zig:25   | Noticed a greater mummy
 53797 | Zig:25   | Killed a greater mummy
 53797 | Zig:25   | Noticed a greater mummy
 53797 | Zig:25   | Noticed a greater mummy
 53797 | Zig:25   | Noticed a greater mummy
 53798 | Zig:25   | Noticed a greater mummy
 53799 | Zig:25   | Noticed a greater mummy
 53800 | Zig:25   | Killed a greater mummy
 53804 | Zig:25   | Killed a greater mummy
 53808 | Zig:25   | Noticed a greater mummy
 53808 | Zig:25   | Noticed a greater mummy
 53808 | Zig:25   | Killed a greater mummy
 53809 | Zig:25   | Killed a greater mummy
 53814 | Zig:25   | Noticed a greater mummy
 53816 | Zig:25   | Killed a greater mummy
 53818 | Zig:25   | Killed a greater mummy
 53821 | Zig:25   | Killed a greater mummy
 53823 | Zig:25   | Killed a greater mummy
 53830 | Zig:25   | Noticed a greater mummy
 53830 | Zig:25   | Killed a greater mummy
 53831 | Zig:25   | Killed a greater mummy
 53839 | Zig:25   | Killed a greater mummy
 53990 | Zig:25   | Identified Wiphoruk's Collected Works on the Frostbite
 53993 | Zig:25   | Identified the Disquisition on Supportive Enchantment
 53997 | Zig:25   | Identified the Reference Book on Transmutation and Creation
 54007 | Zig:25   | Learned a level 7 spell: Monstrous Menagerie
 54011 | Zig:25   | Got a brightly glowing golden ring
 54012 | Zig:25   | Identified the ring of Baffupei {rN++ Stlth+} (You found it on level 25 of a ziggurat)
 54066 | Zig:26   | Entered Level 26 of a ziggurat
 54087 | Zig:26   | Noticed Nydiuget the pandemonium lord
 54089 | Zig:26   | Noticed Kyih the pandemonium lord
 54089 | Zig:26   | Noticed Roergho the pandemonium lord
 54089 | Zig:26   | Noticed Imafrenn the pandemonium lord
 54089 | Zig:26   | Noticed Usuo the pandemonium lord
 54093 | Zig:26   | Killed Nydiuget the pandemonium lord
 54096 | Zig:26   | Killed Kyih the pandemonium lord
 54096 | Zig:26   | Killed Imafrenn the pandemonium lord
 54100 | Zig:26   | Killed Roergho the pandemonium lord
 54100 | Zig:26   | Noticed Edegiarr the pandemonium lord
 54102 | Zig:26   | Killed Usuo the pandemonium lord
 54103 | Zig:26   | Noticed Xoseoc the pandemonium lord
 54104 | Zig:26   | Noticed Coamamadgh the pandemonium lord
 54104 | Zig:26   | Noticed Jyimid the pandemonium lord
 54104 | Zig:26   | Noticed Fapangi the pandemonium lord
 54104 | Zig:26   | Noticed Muqiurass the pandemonium lord
 54107 | Zig:26   | Noticed Kuenkyme the pandemonium lord
 54109 | Zig:26   | Killed Jyimid the pandemonium lord
 54110 | Zig:26   | Killed Edegiarr the pandemonium lord
 54110 | Zig:26   | Noticed Daujiqig the pandemonium lord
 54111 | Zig:26   | Killed Muqiurass the pandemonium lord
 54111 | Zig:26   | Killed Fapangi the pandemonium lord
 54113 | Zig:26   | Noticed Sem Jibuku the pandemonium lord
 54113 | Zig:26   | Noticed Ryusyv the pandemonium lord
 54113 | Zig:26   | Noticed Kurch the pandemonium lord
 54114 | Zig:26   | Noticed Boammief the pandemonium lord
 54114 | Zig:26   | Noticed Uxziez the pandemonium lord
 54116 | Zig:26   | Killed Daujiqig the pandemonium lord
 54118 | Zig:26   | Noticed Japiwk the pandemonium lord
 54118 | Zig:26   | Killed Coamamadgh the pandemonium lord
 54119 | Zig:26   | Killed Kuenkyme the pandemonium lord
 54120 | Zig:26   | Killed Boammief the pandemonium lord
 54122 | Zig:26   | Killed Sem Jibuku the pandemonium lord
 54124 | Zig:26   | Noticed Mauthreq the pandemonium lord
 54125 | Zig:26   | Killed Xoseoc the pandemonium lord
 54127 | Zig:26   | Noticed Ginem the pandemonium lord
 54130 | Zig:26   | Killed Ryusyv the pandemonium lord
 54131 | Zig:26   | Killed Japiwk the pandemonium lord
 54131 | Zig:26   | Killed Uxziez the pandemonium lord
 54132 | Zig:26   | Noticed Ylamiox the pandemonium lord
 54135 | Zig:26   | Killed Ylamiox the pandemonium lord
 54135 | Zig:26   | Killed Mauthreq the pandemonium lord
 54138 | Zig:26   | Killed Kurch the pandemonium lord
 54140 | Zig:26   | Killed Ginem the pandemonium lord
 54264 | Zig:26   | Identified the amulet of the Scarab {RegenMP MR++} (You found it on level 26 of a ziggurat)
 54279 | Zig:26   | Identified the amulet of Peceowk {Spirit rPois Int-4 Dex+5} (You found it on level 26 of a ziggurat)
 54295 | Zig:27   | Entered Level 27 of a ziggurat
 54314 | Zig:27   | Noticed Ceh Itoky the pandemonium lord
 54315 | Zig:27   | Noticed Askeph the pandemonium lord
 54315 | Zig:27   | Noticed Buuwewes the pandemonium lord
 54316 | Zig:27   | Noticed Leegguzy the pandemonium lord
 54317 | Zig:27   | Noticed Gyogg the pandemonium lord
 54317 | Zig:27   | Noticed Cuqyph the pandemonium lord
 54321 | Zig:27   | Noticed Nogi the pandemonium lord
 54321 | Zig:27   | Noticed Jedew the pandemonium lord
 54321 | Zig:27   | Noticed Syluim the pandemonium lord
 54322 | Zig:27   | Killed Ceh Itoky the pandemonium lord
 54325 | Zig:27   | Killed Buuwewes the pandemonium lord
 54326 | Zig:27   | Killed Cuqyph the pandemonium lord
 54327 | Zig:27   | Noticed Kusekit the pandemonium lord
 54327 | Zig:27   | Noticed Fehipt the pandemonium lord
 54328 | Zig:27   | Killed Leegguzy the pandemonium lord
 54328 | Zig:27   | Killed Askeph the pandemonium lord
 54329 | Zig:27   | Killed Gyogg the pandemonium lord
 54329 | Zig:27   | Noticed Neant the pandemonium lord
 54330 | Zig:27   | Killed Jedew the pandemonium lord
 54330 | Zig:27   | Noticed Zioprusch the pandemonium lord
 54330 | Zig:27   | Noticed Poibyseps the pandemonium lord
 54330 | Zig:27   | Noticed Wepteuc the pandemonium lord
 54330 | Zig:27   | Noticed Oril the pandemonium lord
 54330 | Zig:27   | Noticed Meiwasez the pandemonium lord
 54330 | Zig:27   | Noticed Vyinalem the pandemonium lord
 54330 | Zig:27   | Noticed Anecs the pandemonium lord
 54330 | Zig:27   | Noticed Noagy the pandemonium lord
 54331 | Zig:27   | Killed Syluim the pandemonium lord
 54331 | Zig:27   | Reached skill level 27 in Shields
 54331 | Zig:27   | Noticed Mepurox the pandemonium lord
 54332 | Zig:27   | Killed Wepteuc the pandemonium lord
 54332 | Zig:27   | Killed Kusekit the pandemonium lord
 54332 | Zig:27   | Killed Noagy the pandemonium lord
 54332 | Zig:27   | Noticed Ymocam the pandemonium lord
 54333 | Zig:27   | Killed Zioprusch the pandemonium lord
 54333 | Zig:27   | Killed Nogi the pandemonium lord
 54333 | Zig:27   | Noticed Qimat the pandemonium lord
 54334 | Zig:27   | Killed Fehipt the pandemonium lord
 54335 | Zig:27   | Killed Meiwasez the pandemonium lord
 54337 | Zig:27   | Killed Oril the pandemonium lord
 54337 | Zig:27   | Killed Vyinalem the pandemonium lord
 54337 | Zig:27   | Killed Neant the pandemonium lord
 54338 | Zig:27   | Killed Mepurox the pandemonium lord
 54338 | Zig:27   | Killed Anecs the pandemonium lord
 54340 | Zig:27   | Killed Poibyseps the pandemonium lord
 54341 | Zig:27   | Killed Qimat the pandemonium lord
 54344 | Zig:27   | Killed Ymocam the pandemonium lord
 54345 | Zig:27   | Noticed Fuosuz the pandemonium lord
 54346 | Zig:27   | Noticed Komul the pandemonium lord
 54349 | Zig:27   | Killed Fuosuz the pandemonium lord
 54349 | Zig:27   | Killed Komul the pandemonium lord
 54369 | Zig:27   | Identified the ring "Qauledid" {+Fly MR+ Stlth+} (You found it on level 27 of a ziggurat)
 54377 | Zig:27   | Identified Ahoubouf's Catalogue of Twisted Boosts
 54446 | Zig:27   | Identified the +8 scimitar "Oponoiph" {venom, rF++ MP+9 Str+4 Stlth-} (You found it on level 27 of a ziggurat)
 54546 | Depths:5 | Learned a level 8 spell: Necromutation
 54609 | Depths:4 | Voluntarily entered the Abyss.
 54610 | Abyss:1  | Found a corrupted altar of Lugonu.
 54983 | Abyss:2  | Found a corrupted altar of Lugonu.
 55060 | Abyss:2  | Found a sparkling altar of Nemelex Xobeh.
 55186 | Abyss:2  | Reached skill level 15 in Short Blades
 55436 | Abyss:2  | Paralysed by accursed screaming for 1 turns
 55813 | Abyss:5  | Entered Level 5 of the Abyss
 56230 | Abyss:5  | Found a hazy altar of Hepliaklqana.
 56799 | Abyss:5  | Found a corrupted altar of Lugonu.
 56859 | Abyss:5  | Found a bloodstained altar of Trog.
 56910 | Abyss:5  | Got an abyssal rune of Zot
 56927 | Depths:4 | Escaped the Abyss
 56994 | Pan      | Entered Pandemonium
 57042 | Pan      | Noticed Ammaqurgh the pandemonium lord
 57066 | Pan      | Killed Ammaqurgh the pandemonium lord
 57486 | Pan      | Found an exit through the horrors of the Abyss.
 57795 | Pan      | Found a white marble altar of Elyvilon.
 57876 | Pan      | Identified the cursed +0 pair of boots "Siesiw" {rCorr} (You found it in Pandemonium)
 58235 | Pan      | Found a glowing golden altar of the Shining One.
 58237 | Pan      | Noticed a seraph
 58268 | Pan      | Killed a seraph
 58324 | Pan      | Got a demonic rune of Zot
 58332 | Pan      | Learned a level 2 spell: Song of Slaying
 58334 | Pan      | Learned a level 1 spell: Infusion
 58344 | Pan      | Got a bound golden amulet
 58345 | Pan      | Identified the amulet "Eree" {Harm *Drain rF+ rN+} (You found it in Pandemonium)
 58960 | Pan      | Found a glowing silver altar of Zin.
 59348 | Depths:4 | Escaped Pandemonium
 59369 | Pan      | Entered Pandemonium
 59512 | Pan      | Gained mutation: Your body sometimes deteriorates upon taking damage. [a neqoxec]
 59761 | Pan      | Noticed Gitykarr the pandemonium lord
 59796 | Pan      | Killed Gitykarr the pandemonium lord
 59899 | Pan      | Found an exit through the horrors of the Abyss.
 60506 | Pan      | Noticed Xuuzoteh the pandemonium lord
 60517 | Pan      | Killed Xuuzoteh the pandemonium lord
 60771 | Pan      | Found an exit through the horrors of the Abyss.
 61050 | Pan      | Noticed Vapi the pandemonium lord
 61068 | Pan      | Killed Vapi the pandemonium lord
 61237 | Pan      | Found an exit through the horrors of the Abyss.
 61409 | Pan      | Gained mutation: You have large cloven feet. [evolution]
 61877 | Pan      | Noticed Erukiaf the pandemonium lord
 61888 | Pan      | Killed Erukiaf the pandemonium lord
 62315 | Pan      | Found a runed door.
 62391 | Pan      | Noticed Rejucigu the pandemonium lord
 62402 | Pan      | Killed Rejucigu the pandemonium lord
 62432 | Pan      | Gained mutation: You occasionally shout uncontrollably at your foes. [a cacodemon]
 62926 | Pan      | Found an exit through the horrors of the Abyss.
 62939 | Pan      | Noticed Ipheehasa the pandemonium lord
 62959 | Pan      | Killed Ipheehasa the pandemonium lord
 62985 | Pan      | Paralysed by a Zot trap for 3 turns
 63469 | Pan      | Noticed Tinket the pandemonium lord
 63487 | Pan      | Killed Tinket the pandemonium lord
 63518 | Pan      | Entered the realm of Mnoleg.
 63598 | Pan      | Found an exit through the horrors of the Abyss.
 63599 | Pan      | Gained mutation: Scrolls take you a little longer to read. [a cacodemon]
 63736 | Pan      | Gained mutation: Scrolls take you longer to read. [a neqoxec]
 63836 | Pan      | Gained mutation: You are frail. (-10% HP) [a neqoxec]
 63878 | Pan      | Lost mutation: You occasionally shout uncontrollably at your foes. [mutagenic meat]
 63879 | Pan      | Lost mutation: You are frail. (-10% HP) [mutagenic meat]
 63882 | Pan      | Lost mutation: Your body sometimes deteriorates upon taking damage. [mutagenic meat]
 63883 | Pan      | Lost mutation: Scrolls take you longer to read. [mutagenic meat]
 63884 | Pan      | Gained mutation: You have an increased reservoir of magic. (+10% MP) [mutagenic meat]
 63928 | Pan      | Noticed Mnoleg
 63945 | Pan      | Lost mutation: Your muscles are strong. (Str +2) [a neqoxec]
 63946 | Pan      | Killed Mnoleg
 63999 | Pan      | Got a glowing rune of Zot
 64052 | Pan      | Gained mutation: You expend magic power (3 MP) to strengthen your wands. [a cacodemon]
 64378 | Pan      | Found an exit through the horrors of the Abyss.
 64429 | Pan      | Found an exit through the horrors of the Abyss.
 64492 | Pan      | Noticed Edwe the pandemonium lord
 64510 | Pan      | Killed Edwe the pandemonium lord
 64520 | Pan      | Found a runed door.
 64584 | Pan      | Lost mutation: You possess an exceptional clarity of mind. [mutagenic meat]
 64585 | Pan      | Gained mutation: You are resistant to electric shocks. (rElec) [mutagenic meat]
 64730 | Pan      | Lost mutation: You are very agile. (Dex +4) [potion of mutation]
 64730 | Pan      | Lost mutation: You evolve. [potion of mutation]
 64730 | Pan      | Lost mutation: You have large cloven feet. [potion of mutation]
 64730 | Pan      | Gained mutation: Your spells are a little harder to cast, but a little more powerful. [potion of mutation]
 64730 | Pan      | Gained mutation: You have a pair of small horns on your head. [potion of mutation]
 64730 | Pan      | Gained mutation: You are very agile. (Dex +4) [potion of mutation]
 64731 | Pan      | Lost mutation: You have an increased reservoir of magic. (+10% MP) [potion of mutation]
 64731 | Pan      | Lost mutation: You are very agile. (Dex +4) [potion of mutation]
 64731 | Pan      | Lost mutation: You are resistant to electric shocks. (rElec) [potion of mutation]
 64731 | Pan      | Lost mutation: Your movements are slightly less encumbered by armour. (ER -2) [potion of mutation]
 64731 | Pan      | Lost mutation: You have a pair of small horns on your head. [potion of mutation]
 64731 | Pan      | Gained mutation: Your body sometimes deteriorates upon taking damage. [potion of mutation]
 64731 | Pan      | Gained mutation: You are very agile. (Dex +4) [potion of mutation]
 64731 | Pan      | Gained mutation: You are partially covered in slimy green scales. (AC +2) [potion of mutation]
 64732 | Pan      | Lost mutation: Scrolls take you a little longer to read. [potion of mutation]
 64732 | Pan      | Lost mutation: You expend magic power (3 MP) to strengthen your wands. [potion of mutation]
 64732 | Pan      | Lost mutation: Your spells are a little harder to cast, but a little more powerful. [potion of mutation]
 64732 | Pan      | Gained mutation: Scrolls take you a little longer to read. [potion of mutation]
 64732 | Pan      | Lost mutation: You are very agile. (Dex +4) [potion of mutation]
 64732 | Pan      | Gained mutation: You are robust. (+10% HP) [potion of mutation]
 64733 | Pan      | Lost mutation: You are agile. (Dex +2) [potion of mutation]
 64733 | Pan      | Lost mutation: Your mind is acute. (Int +2) [potion of mutation]
 64733 | Pan      | Lost mutation: You are robust. (+10% HP) [potion of mutation]
 64733 | Pan      | Lost mutation: Scrolls take you a little longer to read. [potion of mutation]
 64733 | Pan      | Lost mutation: Your body sometimes deteriorates upon taking damage. [potion of mutation]
 64733 | Pan      | Gained mutation: You can translocate small distances at will. [potion of mutation]
 64733 | Pan      | Gained mutation: Your muscles are strong. (Str +2) [potion of mutation]
 64733 | Pan      | Gained mutation: Scrolls take you a little longer to read. [potion of mutation]
 64733 | Pan      | Gained mutation: You have sharp toenails. [potion of mutation]
 64734 | Pan      | Lost mutation: Your muscles are strong. (Str +2) [potion of mutation]
 64734 | Pan      | Lost mutation: You have sharp toenails. [potion of mutation]
 64734 | Pan      | Lost mutation: Scrolls take you a little longer to read. [potion of mutation]
 64734 | Pan      | Lost mutation: You are partially covered in slimy green scales. (AC +2) [potion of mutation]
 64734 | Pan      | Gained mutation: You expend magic power (3 MP) to strengthen your wands. [potion of mutation]
 64734 | Pan      | Gained mutation: Your magical capacity is low. (-10% MP) [potion of mutation]
 64734 | Pan      | Gained mutation: You are partially covered in large bone plates. (SH +4) [potion of mutation]
 64735 | Pan      | Lost mutation: You expend magic power (3 MP) to strengthen your wands. [potion of mutation]
 64735 | Pan      | Lost mutation: Your magical capacity is low. (-10% MP) [potion of mutation]
 64735 | Pan      | Lost mutation: You can translocate small distances at will. [potion of mutation]
 64735 | Pan      | Lost mutation: You are partially covered in large bone plates. (SH +4) [potion of mutation]
 64735 | Pan      | Gained mutation: You have sharp fingernails. [potion of mutation]
 64735 | Pan      | Gained mutation: Your mind is acute. (Int +2) [potion of mutation]
 64735 | Pan      | Gained mutation: You are agile. (Dex +2) [potion of mutation]
 64735 | Pan      | Gained mutation: Your flesh is heat resistant. (rF+) [potion of mutation]
 65788 | Pan      | Gained mutation: You tend to lose your temper in combat. [a cacodemon]
 65817 | Pan      | Found an exit through the horrors of the Abyss.
 65855 | Pan      | Identified the +6 great sword of Wiupt {elec, *Noise +Fly rF+++ Str+4} (You found it in Pandemonium)
 65866 | Pan      | Got a scorched jade ring
 65867 | Pan      | Identified the ring of Myeklaw {Ice Dex+3} (You found it in Pandemonium)
 65870 | Pan      | Entered the realm of Cerebov.
 65871 | Pan      | Lost mutation: Your mind is acute. (Int +2) [potion of mutation]
 65871 | Pan      | Lost mutation: Your flesh is heat resistant. (rF+) [potion of mutation]
 65871 | Pan      | Lost mutation: You are agile. (Dex +2) [potion of mutation]
 65871 | Pan      | Lost mutation: You tend to lose your temper in combat. [potion of mutation]
 65871 | Pan      | Lost mutation: You have sharp fingernails. [potion of mutation]
 65871 | Pan      | Gained mutation: Your magical capacity is low. (-10% MP) [potion of mutation]
 65871 | Pan      | Gained mutation: Your mind is acute. (Int +2) [potion of mutation]
 65872 | Pan      | Gained mutation: You have sharp toenails. [potion of mutation]
 65872 | Pan      | Gained mutation: Your magical capacity is very low. (-20% MP) [potion of mutation]
 65872 | Pan      | Gained mutation: You can translocate small distances at will. [potion of mutation]
 65873 | Pan      | Lost mutation: Your magical capacity is very low. (-20% MP) [potion of mutation]
 65873 | Pan      | Lost mutation: Your mind is acute. (Int +2) [potion of mutation]
 65873 | Pan      | Gained mutation: Your flesh is cold resistant. (rC+) [potion of mutation]
 65873 | Pan      | Gained mutation: You are agile. (Dex +2) [potion of mutation]
 65980 | Pan      | Noticed Cerebov
 66001 | Pan      | Killed Cerebov
 66001 | Pan      | Reached skill level 27 in Spellcasting
 66034 | Pan      | Got a fiery rune of Zot
 66060 | Pan      | Identified the +5 quick blade "Feutezeo" {pierce, Stlth+} (You found it in Pandemonium)
 66123 | Pan      | Learned a level 7 spell: Summon Hydra
 66323 | Pan      | Found an exit through the horrors of the Abyss.
 66387 | Pan      | Noticed Zokepur the pandemonium lord
 66392 | Pan      | Killed Zokepur the pandemonium lord
 66427 | Pan      | Got a translucent tin ring
 66428 | Pan      | Identified the ring of Duniam {Int+4 Stlth-} (You found it in Pandemonium)
 66451 | Pan      | Noticed Bannouti the pandemonium lord
 66476 | Pan      | Killed Bannouti the pandemonium lord
 66556 | Pan      | Gained mutation: Armour fits poorly on your strangely shaped body. [a cacodemon]
 66637 | Pan      | Found an exit through the horrors of the Abyss.
 66734 | Pan      | Reached skill level 27 in Armour
 66823 | Pan      | Entered the realm of Gloorx Vloq.
 66971 | Pan      | Found an exit through the horrors of the Abyss.
 67220 | Pan      | Identified the Reference Book on Contamination
 67361 | Pan      | Got a smoking copper ring
 67362 | Pan      | Identified the ring of Traps {+Fly rF+} (You found it in Pandemonium)
 67907 | Pan      | Noticed Gloorx Vloq
 67933 | Pan      | Killed Gloorx Vloq
 68001 | Pan      | Got a dark rune of Zot
 68091 | Pan      | Noticed Vofen the pandemonium lord
 68109 | Pan      | Killed Vofen the pandemonium lord
 68119 | Pan      | Gained mutation: You expend magic power (3 MP) to strengthen your wands. [a neqoxec]
 68185 | Pan      | Got a transparent hat
 68196 | Pan      | Identified the -4 hat of Fanaticism {Int+7 Dex+2} (You acquired it in Pandemonium)
 68225 | Pan      | Entered the realm of Lom Lobon.
 68480 | Pan      | Found an exit through the horrors of the Abyss.
 68906 | Pan      | Noticed Lom Lobon
 68924 | Pan      | Killed Lom Lobon
 68933 | Pan      | Got a magical rune of Zot
 69056 | Depths:4 | Escaped Pandemonium
 69106 | Depths:5 | Lost mutation: Armour fits poorly on your strangely shaped body. [potion of mutation]
 69106 | Depths:5 | Gained mutation: You are partially covered in yellow scales. (AC +2) [potion of mutation]
 69106 | Depths:5 | Gained mutation: Your mind is acute. (Int +2) [potion of mutation]
 69106 | Depths:5 | Gained mutation: Your flesh is very cold resistant. (rC++) [potion of mutation]
 69107 | Depths:5 | Lost mutation: You are agile. (Dex +2) [potion of mutation]
 69107 | Depths:5 | Lost mutation: You expend magic power (3 MP) to strengthen your wands. [potion of mutation]
 69107 | Depths:5 | Lost mutation: You have sharp toenails. [potion of mutation]
 69107 | Depths:5 | Lost mutation: You can translocate small distances at will. [potion of mutation]
 69107 | Depths:5 | Lost mutation: Your mind is acute. (Int +2) [potion of mutation]
 69107 | Depths:5 | Gained mutation: Your muscles are strong. (Str +2) [potion of mutation]
 69108 | Depths:5 | Lost mutation: Your flesh is very cold resistant. (rC++) [potion of mutation]
 69108 | Depths:5 | Lost mutation: Your flesh is cold resistant. (rC+) [potion of mutation]
 69108 | Depths:5 | Lost mutation: You are partially covered in yellow scales. (AC +2) [potion of mutation]
 69108 | Depths:5 | Lost mutation: You are mostly covered in rugged brown scales. (AC +2, +5% HP) [potion of mutation]
 69108 | Depths:5 | Gained mutation: Your mind is acute. (Int +2) [potion of mutation]
 69108 | Depths:5 | Gained mutation: You regenerate. [potion of mutation]
 69109 | Depths:5 | Lost mutation: Your mind is acute. (Int +2) [potion of mutation]
 69109 | Depths:5 | Lost mutation: Your magical capacity is low. (-10% MP) [potion of mutation]
 69109 | Depths:5 | Lost mutation: Your muscles are strong. (Str +2) [potion of mutation]
 69109 | Depths:5 | Lost mutation: You regenerate. [potion of mutation]
 69109 | Depths:5 | Gained mutation: Your flesh is heat resistant. (rF+) [potion of mutation]
 69109 | Depths:5 | Gained mutation: You are agile. (Dex +2) [potion of mutation]
 69109 | Depths:5 | Gained mutation: You passively map a small area around you. [potion of mutation]
 69143 | Hell     | Entered the Vestibule of Hell
 69143 | Hell     | Noticed Geryon
 69150 | Hell     | Killed Geryon
 69212 | Hell     | Found a gateway to the ashen valley of Gehenna.
 69322 | Hell     | Found a gateway to the decaying netherworld of Tartarus.
 69380 | Hell     | Found a gateway to the freezing wastes of Cocytus.
 69438 | Hell     | Found a gateway to the Iron City of Dis.
 69694 | Geh:1    | Entered Level 1 of Gehenna
 70285 | Geh:7    | Entered Level 7 of Gehenna
 70478 | Geh:7    | Noticed the Serpent of Hell
 70487 | Geh:7    | Killed the Serpent of Hell
 70575 | Geh:7    | Noticed Asmodeus
 70591 | Geh:7    | Killed Asmodeus
 70631 | Geh:7    | Got an obsidian rune of Zot
 70708 | Geh:7    | Identified the +8 scimitar of Truth {slice, rPois} (You found it on level 7 of Gehenna)
 71195 | Dis:1    | Entered Level 1 of the Iron City of Dis
 73436 | Dis:7    | Entered Level 7 of the Iron City of Dis
 74248 | Dis:7    | Reached skill level 27 in Fighting
 74248 | Dis:7    | Reached skill level 15 in Summonings
 74384 | Dis:7    | Identified Heejan's Compendium of Poison and Stolen Souls
 74740 | Dis:7    | Noticed Dispater
 74754 | Dis:7    | Killed Dispater
 74794 | Dis:7    | Got an iron rune of Zot
 74957 | Tar:1    | Entered Level 1 of Tartarus
 77095 | Tar:7    | Entered Level 7 of Tartarus
 77187 | Tar:7    | Got a brightly glowing lead ring
 77189 | Tar:7    | Got a pitted wooden ring
 77190 | Tar:7    | Identified the ring of Satisfaction {+Fly rF+ SInv} (You found it on level 7 of Tartarus)
 77191 | Tar:7    | Identified the ring "Wanub" {rF+ MP+9} (You found it on level 7 of Tartarus)
 77218 | Tar:7    | Noticed an ancient lich
 77222 | Tar:7    | Killed an ancient lich
 77225 | Tar:7    | Got a smoking platinum ring
 77229 | Tar:7    | Identified Boenaroti's Almanac of Fetching Attacks
 77231 | Tar:7    | Identified the Volume of Enhancements
 77234 | Tar:7    | Got a scintillating brass ring
 77235 | Tar:7    | Identified the ring "Zoghi" {+Fly Str+3} (You found it on level 7 of Tartarus)
 77237 | Tar:7    | Identified the ring "Cebrijin" {rF+ Str+3 Stlth+} (You found it on level 7 of Tartarus)
 77500 | Tar:7    | Got a transparent golden ring
 77501 | Tar:7    | Identified the ring "Ukosirr" {*Tele rElec} (You found it on level 7 of Tartarus)
 77605 | Tar:7    | Noticed Ereshkigal
 77626 | Tar:7    | Killed Ereshkigal
 77809 | Tar:7    | Noticed an ancient lich
 77813 | Tar:7    | Killed an ancient lich
 78042 | Tar:7    | Identified the Handbook of Assistive Curses
 78079 | Tar:7    | Got a bone rune of Zot
 78655 | Snake:3  | Bought a scroll of blinking for 157 gold pieces
 78655 | Snake:3  | Bought a scroll of magic mapping for 73 gold pieces
 78655 | Snake:3  | Bought a scroll of magic mapping for 73 gold pieces
 79060 | Coc:1    | Entered Level 1 of Cocytus
 79807 | Coc:7    | Entered Level 7 of Cocytus
 79874 | Coc:7    | Got a brightly glowing silver ring
 79884 | Coc:7    | Identified the ring of Iptufeme {MP+9 Int+7 Slay-3} (You found it on level 7 of Cocytus)
 79925 | Coc:7    | Noticed Antaeus
 79949 | Coc:7    | Killed Antaeus
 79989 | Coc:7    | Got an icy rune of Zot
 80320 | Zig:1    | Entered Level 1 of a ziggurat
 80343 | Zig:2    | Entered Level 2 of a ziggurat
 80378 | Zig:3    | Entered Level 3 of a ziggurat
 80381 | Zig:3    | Noticed a greater mummy
 80389 | Zig:3    | Killed a greater mummy
 80411 | Zig:4    | Entered Level 4 of a ziggurat
 80413 | Zig:4    | Noticed an orb of fire
 80420 | Zig:4    | Killed an orb of fire
 80448 | Zig:4    | Identified the cursed +1 lajatang of Inflation {vamp, rN+ Int+3 Stlth-} (You found it on level 4 of a ziggurat)
 80470 | Zig:5    | Entered Level 5 of a ziggurat
 80507 | Zig:6    | Entered Level 6 of a ziggurat
 80551 | Zig:7    | Entered Level 7 of a ziggurat
 80644 | Zig:7    | Got a glittering steel ring
 80647 | Zig:7    | Identified the cursed ring "Ipnodeim" {+Blink AC-3 Stlth+} (You found it on level 7 of a ziggurat)
 80661 | Zig:8    | Entered Level 8 of a ziggurat
 80701 | Zig:9    | Entered Level 9 of a ziggurat
 80773 | Zig:10   | Entered Level 10 of a ziggurat
 80837 | Zig:11   | Entered Level 11 of a ziggurat
 80843 | Zig:11   | Noticed an ancient lich
 80843 | Zig:11   | Noticed an ancient lich
 80844 | Zig:11   | Noticed an ancient lich
 80851 | Zig:11   | Killed an ancient lich
 80860 | Zig:11   | Killed an ancient lich
 80861 | Zig:11   | Killed an ancient lich
 80949 | Zig:12   | Entered Level 12 of a ziggurat
 81007 | Zig:12   | Got a glittering ruby amulet
 81008 | Zig:12   | Identified the amulet "Cain" {Faith rElec Str+3 SInv} (You found it on level 12 of a ziggurat)
 81015 | Zig:12   | Identified the +9 war axe of the Forsaken Lies {holy, rF- rN+++} (You found it on level 12 of a ziggurat)
 81018 | Zig:13   | Entered Level 13 of a ziggurat
 81069 | Zig:13   | Identified Sif Muna's Grimoire of Dislocated Talismans
 81082 | Zig:13   | Got a faintly glowing platinum amulet
 81083 | Zig:13   | Identified the amulet "Jiuded" {Inacc +Inv rC+} (You found it on level 13 of a ziggurat)
 81101 | Zig:14   | Entered Level 14 of a ziggurat
 81107 | Zig:14   | Noticed Deochy the pandemonium lord
 81108 | Zig:14   | Noticed Ijoni Ygaos the pandemonium lord
 81109 | Zig:14   | Noticed Ywnuak the pandemonium lord
 81109 | Zig:14   | Noticed Gonaunol the pandemonium lord
 81109 | Zig:14   | Noticed Jiomeih the pandemonium lord
 81110 | Zig:14   | Noticed Xicsahoc the pandemonium lord
 81120 | Zig:14   | Killed Deochy the pandemonium lord
 81122 | Zig:14   | Killed Jiomeih the pandemonium lord
 81124 | Zig:14   | Killed Ijoni Ygaos the pandemonium lord
 81125 | Zig:14   | Killed Gonaunol the pandemonium lord
 81129 | Zig:14   | Killed Xicsahoc the pandemonium lord
 81131 | Zig:14   | Killed Ywnuak the pandemonium lord
 81146 | Zig:14   | Gained mutation: You occasionally shout uncontrollably at your foes. [a shining eye]
 81170 | Zig:14   | Identified Sif Muna's Guide on Twisted Orientation
 81197 | Zig:15   | Entered Level 15 of a ziggurat
 81201 | Zig:15   | Noticed a juggernaut
 81202 | Zig:15   | Noticed a juggernaut
 81206 | Zig:15   | Killed a juggernaut
 81209 | Zig:15   | Killed a juggernaut
 81261 | Zig:15   | Identified Fabri's Advanced Wizardry
 81287 | Zig:16   | Entered Level 16 of a ziggurat
 81368 | Zig:16   | Got a faintly glowing iron amulet
 81369 | Zig:16   | Identified the amulet "Poanwos" {*Contam *Drain +Rage rPois rC+++} (You found it on level 16 of a ziggurat)
 81385 | Zig:16   | Got a slimy golden ring
 81386 | Zig:16   | Identified the ring of the Dolphin {MP+9 Int+4 Stlth+} (You found it on level 16 of a ziggurat)
 81394 | Zig:16   | Identified Omixiw's Almanac of Execration
 81399 | Zig:17   | Entered Level 17 of a ziggurat
 81465 | Zig:17   | Got a wavering wooden ring
 81466 | Zig:17   | Identified the ring "Cemyvvele" {rPois rC+ Str+4} (You found it on level 17 of a ziggurat)
 81476 | Zig:17   | Got a twitching jade ring
 81477 | Zig:17   | Identified the ring "Fegir" {rF+ rC+ MR+ Int+7 Slay-4} (You found it on level 17 of a ziggurat)
 81483 | Zig:17   | Identified the Guide on the Oath and Confrontation
 81493 | Zig:18   | Entered Level 18 of a ziggurat
 81576 | Zig:18   | Got a smoking emerald amulet
 81577 | Zig:18   | Identified the amulet "Unliliel" {Spirit MR+ Dex+2} (You found it on level 18 of a ziggurat)
 81603 | Zig:19   | Entered Level 19 of a ziggurat
 81609 | Zig:19   | Noticed an ancient lich
 81614 | Zig:19   | Noticed an ancient lich
 81615 | Zig:19   | Noticed an ancient lich
 81617 | Zig:19   | Killed an ancient lich
 81637 | Zig:19   | Killed an ancient lich
 81642 | Zig:19   | Killed an ancient lich
 81674 | Zig:19   | Identified the Tome of the Crushed Realms
 81678 | Zig:19   | Got a fine turquoise ring
 81679 | Zig:19   | Identified the ring of Generosity {rCorr MR+ Dex+3} (You found it on level 19 of a ziggurat)
 81701 | Zig:19   | Got a slimy ruby amulet
 81702 | Zig:19   | Identified the amulet "Daxol" {rElec rC+ Regen+ Str+3} (You found it on level 19 of a ziggurat)
 81707 | Zig:20   | Entered Level 20 of a ziggurat
 81722 | Zig:20   | Noticed Qitetri the pandemonium lord
 81731 | Zig:20   | Killed Qitetri the pandemonium lord
 81806 | Zig:20   | Identified the +5 chain mail of Polish {Int+3 Dex+4 Stlth+} (You found it on level 20 of a ziggurat)
 81808 | Zig:21   | Entered Level 21 of a ziggurat
 81850 | Zig:21   | Reached skill level 27 in Summonings
 81922 | Zig:21   | Identified the Grimoire of Lethal Poison
 81955 | Zig:22   | Entered Level 22 of a ziggurat
 82033 | Zig:22   | Identified the +1 pair of gloves "Vacalo" {+Blink rF- rN+} (You found it on level 22 of a ziggurat)
 82074 | Zig:22   | Identified the Compendium of Captivating Heat
 82076 | Zig:22   | Identified the Guide on Bewitchment and Transmigration
 82106 | Zig:23   | Entered Level 23 of a ziggurat
 82115 | Zig:23   | Noticed an ancient lich
 82130 | Zig:23   | Noticed an ancient lich
 82134 | Zig:23   | Killed an ancient lich
 82147 | Zig:23   | Reached skill level 27 in Dodging
 82148 | Zig:23   | Killed an ancient lich
 82148 | Zig:23   | Reached skill level 15 in Stealth
 82150 | Zig:23   | Noticed an ancient lich
 82163 | Zig:23   | Killed an ancient lich
 82221 | Zig:23   | Identified Umiv's Tome of Mutagenic Evil
 82231 | Zig:23   | Got a crude tin amulet
 82232 | Zig:23   | Identified the amulet "Asta" {Faith rPois rC- Int+4} (You found it on level 23 of a ziggurat)
 82254 | Zig:24   | Entered Level 24 of a ziggurat
 82373 | Zig:24   | Identified the Guide on Conjuration
 82407 | Zig:25   | Entered Level 25 of a ziggurat
 82496 | Zig:25   | Identified the +2 cloak of Wicidd {+Inv rPois Regen+} (You found it on level 25 of a ziggurat)
 82506 | Zig:25   | Identified a ring of the Octopus King {rC+ AC+1 EV+1 Str+1 Int+1 Dex+1} (You found it on level 25 of a ziggurat)
 82521 | Zig:25   | Identified the ring of Autotheism {+Fly rN+++ MR- SInv Stlth+} (You found it on level 25 of a ziggurat)
 82528 | Zig:25   | Identified Ujiluwn's Almanac of Black Arts and Translocation
 82543 | Zig:25   | Identified Udwosun's Catalogue of the Excruciating Entourage
 82551 | Zig:25   | Identified the ring "Irueneto" {Fire rN+ Slay+2} (You found it on level 25 of a ziggurat)
 82556 | Zig:26   | Entered Level 26 of a ziggurat
 82660 | Zig:26   | Reached skill level 27 in Stealth
 82679 | Zig:26   | Gained mutation: You are partially covered in large bone plates. (SH +4) [mutagenic meat]
 82684 | Zig:26   | Gained mutation: Your body sometimes deteriorates upon taking damage. [mutagenic meat]
 82685 | Zig:26   | Gained mutation: You have a pair of small horns on your head. [mutagenic meat]
 82686 | Zig:26   | Lost mutation: You are agile. (Dex +2) [mutagenic meat]
 82687 | Zig:26   | Gained mutation: Your mind is acute. (Int +2) [mutagenic meat]
 82688 | Zig:26   | Gained mutation: You are agile. (Dex +2) [mutagenic meat]
 82694 | Zig:26   | Gained mutation: You are weak. (Str -2) [mutagenic meat]
 82695 | Zig:26   | Gained mutation: You are frail. (-10% HP) [mutagenic meat]
 82698 | Zig:26   | Gained mutation: Scrolls take you a little longer to read. [mutagenic meat]
 82700 | Zig:26   | Lost mutation: You are partially covered in large bone plates. (SH +4) [mutagenic meat]
 82701 | Zig:26   | Lost mutation: You occasionally shout uncontrollably at your foes. [mutagenic meat]
 82709 | Zig:26   | Gained mutation: Your flesh is very heat resistant. (rF++) [mutagenic meat]
 82713 | Zig:26   | Lost mutation: You are weak. (Str -2) [mutagenic meat]
 82714 | Zig:26   | Lost mutation: You are agile. (Dex +2) [mutagenic meat]
 82719 | Zig:26   | Lost mutation: Your body sometimes deteriorates upon taking damage. [mutagenic meat]
 82721 | Zig:26   | Gained mutation: Scrolls take you longer to read. [mutagenic meat]
 82725 | Zig:26   | Lost mutation: You are frail. (-10% HP) [mutagenic meat]
 82726 | Zig:26   | Gained mutation: You are agile. (Dex +2) [mutagenic meat]
 82728 | Zig:26   | Gained mutation: Your system is resistant to poisons. (rPois) [mutagenic meat]
 82729 | Zig:26   | Gained mutation: Your magical capacity is low. (-10% MP) [mutagenic meat]
 82733 | Zig:26   | Gained mutation: You are frail. (-10% HP) [mutagenic meat]
 82734 | Zig:26   | Lost mutation: Your flesh is very heat resistant. (rF++) [mutagenic meat]
 82735 | Zig:26   | Lost mutation: Your magical capacity is low. (-10% MP) [mutagenic meat]
 82736 | Zig:26   | Gained mutation: You are partially covered in icy blue scales. (AC +2) [mutagenic meat]
 82738 | Zig:26   | Gained mutation: You are very frail. (-20% HP) [mutagenic meat]
 82782 | Zig:26   | Lost mutation: You have a pair of small horns on your head. [potion of mutation]
 82782 | Zig:26   | Lost mutation: Scrolls take you longer to read. [potion of mutation]
 82782 | Zig:26   | Lost mutation: Your mind is acute. (Int +2) [potion of mutation]
 82782 | Zig:26   | Lost mutation: Your flesh is heat resistant. (rF+) [potion of mutation]
 82782 | Zig:26   | Gained mutation: You have a pair of small horns on your head. [potion of mutation]
 82783 | Zig:26   | Lost mutation: Scrolls take you a little longer to read. [potion of mutation]
 82783 | Zig:26   | Lost mutation: You have a pair of small horns on your head. [potion of mutation]
 82783 | Zig:26   | Gained mutation: You have large cloven feet. [potion of mutation]
 82783 | Zig:26   | Gained mutation: You are partially covered in thin metallic scales. (AC +2) [potion of mutation]
 82784 | Zig:26   | Lost mutation: You are agile. (Dex +2) [potion of mutation]
 82784 | Zig:26   | Lost mutation: You are very frail. (-20% HP) [potion of mutation]
 82784 | Zig:26   | Lost mutation: You are partially covered in thin metallic scales. (AC +2) [potion of mutation]
 82784 | Zig:26   | Lost mutation: You have large cloven feet. [potion of mutation]
 82784 | Zig:26   | Lost mutation: Your system is resistant to poisons. (rPois) [potion of mutation]
 82784 | Zig:26   | Gained mutation: Armour fits poorly on your strangely shaped body. [potion of mutation]
 82784 | Zig:26   | Gained mutation: You are resistant to hostile enchantments. (MR+) [potion of mutation]
 82785 | Zig:26   | Lost mutation: You passively map a small area around you. [potion of mutation]
 82785 | Zig:26   | Lost mutation: You are resistant to hostile enchantments. (MR+) [potion of mutation]
 82785 | Zig:26   | Lost mutation: Armour fits poorly on your strangely shaped body. [potion of mutation]
 82785 | Zig:26   | Lost mutation: You are partially covered in icy blue scales. (AC +2) [potion of mutation]
 82785 | Zig:26   | Lost mutation: You are frail. (-10% HP) [potion of mutation]
 82785 | Zig:26   | Lost mutation: You are partially covered in rugged brown scales. (AC +1, +3% HP) [potion of mutation]
 82785 | Zig:26   | Gained mutation: You are partially covered in yellow scales. (AC +2) [potion of mutation]
 82785 | Zig:26   | Gained mutation: You are resistant to electric shocks. (rElec) [potion of mutation]
 82786 | Zig:26   | Lost mutation: You are partially covered in yellow scales. (AC +2) [potion of mutation]
 82786 | Zig:26   | Lost mutation: You are resistant to electric shocks. (rElec) [potion of mutation]
 82786 | Zig:26   | Gained mutation: You are resistant to hostile enchantments. (MR+) [potion of mutation]
 82786 | Zig:26   | Gained mutation: You are weak. (Str -2) [potion of mutation]
 82786 | Zig:26   | Gained mutation: You are frail. (-10% HP) [potion of mutation]
 82786 | Zig:26   | Gained mutation: You have a pair of small antennae on your head. [potion of mutation]
 82787 | Zig:26   | Lost mutation: You are resistant to hostile enchantments. (MR+) [potion of mutation]
 82787 | Zig:26   | Lost mutation: You have a pair of small antennae on your head. [potion of mutation]
 82787 | Zig:26   | Lost mutation: You are weak. (Str -2) [potion of mutation]
 82787 | Zig:26   | Lost mutation: You are frail. (-10% HP) [potion of mutation]
 82787 | Zig:26   | Gained mutation: You occasionally shout uncontrollably at your foes. [potion of mutation]
 82787 | Zig:26   | Gained mutation: You are agile. (Dex +2) [potion of mutation]
 82787 | Zig:26   | Gained mutation: Your spells are a little easier to cast, but a little less powerful. [potion of mutation]
 82787 | Zig:26   | Gained mutation: You are somewhat resistant to further mutation. [potion of mutation]
 82804 | Zig:26   | Identified the ring "Guoxubid" {rC+ Int+5 Stlth+} (You found it on level 26 of a ziggurat)
 82809 | Zig:26   | Identified the Handbook of the Igneous Voyage
 82842 | Zig:26   | Upgraded the game from 0.20-a0-623-g0431c14 to 0.20-a0-625-g9e05219
 82851 | Zig:27   | Entered Level 27 of a ziggurat
 82886 | Zig:27   | Reached skill level 10 in Translocations
 83019 | Zig:27   | Identified the ring of Xom's Capriciousness {rPois rF+ Str-3 Dex+4} (You found it on level 27 of a ziggurat)
 83030 | Zig:27   | Identified Ripreinn's Incunabulum of Venom and Translocation
 83039 | Zig:27   | Identified the cursed +0 steam dragon scales of the Queen {rPois Int+2 Dex+4} (You found it on level 27 of a ziggurat)
 83045 | Zig:27   | Identified the Compendium of Boosting Execration
 83130 | Zot:1    | Entered Level 1 of the Realm of Zot
 83941 | Zot:1    | Reached skill level 15 in Translocations
 83982 | Zot:2    | Reached skill level 1 in Charms
 84301 | Zot:2    | Reached skill level 5 in Charms
 84688 | Zot:3    | Noticed an orb of fire
 84700 | Zot:3    | Killed an orb of fire
 84776 | Zot:3    | Reached skill level 10 in Charms
 85662 | Zot:5    | Entered Level 5 of the Realm of Zot
 85760 | Zot:5    | Reached skill level 15 in Charms
 85923 | Zot:5    | Noticed an ancient lich
 85936 | Zot:5    | Killed an ancient lich
 85958 | Zot:5    | Noticed an orb of fire
 85959 | Zot:5    | Noticed an ancient lich
 85959 | Zot:5    | Noticed an orb of fire
 85975 | Zot:5    | Killed an orb of fire
 85979 | Zot:5    | Killed an orb of fire
 85981 | Zot:5    | Noticed an ancient lich
 85981 | Zot:5    | Noticed an ancient lich
 85983 | Zot:5    | Killed an ancient lich
 85992 | Zot:5    | Killed an ancient lich
 86000 | Zot:5    | Killed an ancient lich
 86105 | Zot:5    | Got the Orb of Zot
 86106 | Zot:5    | Noticed an orb of fire
 86110 | Zot:5    | Noticed an ancient lich
 86111 | Zot:5    | Noticed an orb of fire
 86122 | Zot:5    | Killed an orb of fire
 86125 | Zot:5    | Noticed an orb of fire
 86128 | Zot:5    | Killed an orb of fire
 86130 | Zot:5    | Killed an ancient lich
 86140 | Zot:5    | Killed an orb of fire
 86150 | Zot:5    | Noticed an orb of fire
 86158 | Zot:5    | Killed an orb of fire
 86164 | Zot:5    | Noticed an ancient lich
 86172 | Zot:5    | Killed an ancient lich
 86180 | Zot:5    | Noticed an ancient lich
 86190 | Zot:5    | Killed an ancient lich
 86208 | Zot:5    | Noticed a seraph
 86217 | Zot:5    | Killed a seraph
 86221 | Zot:5    | Noticed Dywujesk the pandemonium lord
 86237 | Zot:5    | Killed Dywujesk the pandemonium lord
 86268 | Zot:5    | Noticed an ancient lich
 86276 | Zot:5    | Killed an ancient lich
 86913 | D:$      | Escaped with the Orb!

Vault maps used:
D:1:      minmay_arrival_five_plusses, minmay_misc_feat_alley
D:2:      first_bread
D:3:      kiku_gazebo_pond_becter, old_standard_altar, lemuel_round_altar,
          okawaru_metal_pillars_3, serial_forest, infiniplex_forest_end_2,
          infiniplex_forest_corner_1, infiniplex_forest_lined_2,
          infiniplex_forest_clump_medium, infiniplex_forest_straight_1,
          infiniplex_forest_straight_2, kennysheep_generic_room_10, uniq_jessica
D:4:      uniq_natasha
D:5:      lemuel_coloured_pillars_altar, serial_glass, glass_columns_a,
          glass_columns_c
D:6:      marbit_many_paths
D:7:      minmay_temple_entry_statues_pillars, trog_ov_bears_minmay,
          uniq_joseph, uniq_pikel
D:8:      lemuel_doored_altar, serial_shops, shop_coins, the_bakery,
          grunt_decor_one_mirror
D:9:      lemuel_crystal_altar
D:10:     lair_entry_dummy, serial_shops, nicolae_shop_overgrown_old_shop,
          minmay_misc_feat_rows
D:11:     basic_altar
D:12:     minivault_5, serial_park_tiny_2, grunt_decor_arrowhead, uniq_harold
D:13:     basic_altar, nicolae_gozag_seed_capital, uniq_urug
D:14:     david_vaults_3, abandoned_shop, uniq_agnes
D:15:     hangedman_depths_entry_try_elsewhere_first, small_statue_intersection,
          serial_shops, nicolae_shop_trees
Temple:   eino_narrow_crystal_temple
Lair:1:   serial_bayou_pond_a, serial_bayou_lagoon_b, grunt_megastairs_5,
          uniq_prince_ribbit2
Lair:2:   guppyfry_snake_entry_garden, grunt_megastairs_3,
          minmay_lair_oklob_chamber
Lair:3:   swamp_mist
Lair:4:   zaba_antful_of_joy, grunt_megastairs_2
Lair:6:   minmay_lair_end_frog_pond, slime_altar_2, serial_bayou,
          serial_bayou_pond_e, serial_bayou_pond_d, serial_bayou_shore_b,
          serial_bayou_crossing, minmay_stone_trees_small
Swamp:1:  evilmike_swamp_ruin_house_4, uniq_louise
Swamp:2:  serial_swamp_ruin, evilmike_swamp_ruin_rubble_2,
          evilmike_swamp_ruin_house_3, uniq_nikola
Swamp:3:  evilmike_swamp_ruin_house_2, swamp_pool5
Swamp:4:  grunt_swamp_rune_castle
Snake:1:  grunt_ministairs_14, spider_trap, st_stairs_12, lemuel_fruit_tree,
          minmay_shop_grove
Snake:2:  st_stairs_5, uniq_vashnia
Snake:3:  minmay_shop_grid_forest, spider_trap, uniq_kirke
Snake:4:  snake_pit, minmay_shop_star, uniq_asterion
Orc:2:    grunt_orc_gardens, grunt_orc_garden, grunt_orc_garden,
          grunt_orc_garden, grunt_orc_garden, serial_shops, nicolae_shop_stone,
          shop, nicolae_shop_waterfront, nicolae_shop_window_shopping,
          portal_ice_cave_entry_pillars_1
Elf:1:    minmay_elf_arrival_summoners, serial_shops, shop_fountains,
          minmay_elf_annihilation
Elf:2:    minmay_checkered_concentric_circles, uniq_roxanne
Elf:3:    minmay_elf_hall_not_hex, nrook_mini_backslash, uniq_donald
Vaults:1: ontoclasm_vaults_twist, vaults_room_fours, v_alt_pattern_6,
          hangedman_vaults_slice, v_rooms_5, ontoclasm_vaults_hangar,
          ontoclasm_vaults_ligature, vaults_mumra_minichess_inversion
Vaults:2: v_alt_pattern_2, vaults_dpeg_diagonal,
          nicolae_vaults_little_squares_6, vaults_dpeg_hooks,
          nicolae_vaults_stairing_the_circle, v_misc_10, grunt_vaults_twisty,
          serial_shops, bzr_in_the_mist
Vaults:3: v_misc_24, st_quartered_hall, v_alt_pattern_1,
          minmay_crypt_entry_vampire_xt, ontoclasm_vaults_eye, v_misc_10,
          ontoclasm_vaults_fault, ontoclasm_vaults_chip, uniq_jorgrun
Vaults:4: nicolae_vaults_network_barrier, ontoclasm_vaults_ring_square,
          vaults_dpeg_encased_lava, v_misc_24, nicolae_vaults_ring_of_whatevers,
          st_greater_box_4, nicolae_vaults_network_quinsquares,
          hangedman_vaults_nails, hangedman_vaults_nails, v_alt_pattern_6,
          ontoclasm_vaults_tryst, vaults_room_door_ring, v_pattern_1,
          ontoclasm_vaults_misaligned, nicolae_vaults_diagonal_hallway_9
Crypt:1:  uniq_jory
Crypt:2:  nicolae_crypt_little_mausoleum
Crypt:3:  due_elkab, serial_glass, glass_columns_a, glass_columns_c,
          glass_columns_b, minmay_strange_pillars, minmay_strange_pillars,
          minmay_strange_pillars, uniq_khufu
Depths:1: serial_shops, nicolae_shop_temple_entry_statues_fountains, shop,
          nicolae_shop_stone, shop_statue, kennysheep_little_box, hell_entry,
          kennysheep_nub, kennysheep_generic_room_12, grunt_megastairs_1,
          serial_bayou_shore_b
Depths:2: grunt_profane_halls, hell_entry, uniq_bai_suzhen, uniq_mara
Depths:3: minmay_tri_stars, grunt_pan_entry_in_and_out,
          serial_sigils_hangedman_shear, hell_entry,
          minmay_staircase_windowed_small, uniq_enchantress
Depths:4: kennysheep_blocky_hall, rand_demon_pan_entry_3,
          infiniplex_enter_wizlab_water, abyss_entry_crystal,
          grunt_hell_entry_dis_old, serial_bayou_shore_a,
          minmay_staircase_bubble, uniq_boris
Depths:5: grunt_zot_entry_gee_three, ziggurat_fallback, pf_coc_iceberg,
          serial_sigils_hangedman_quiver, serial_column_ruins,
          column_ruins_hut_pillars, column_ruins_temple_hut,
          column_ruins_open_tiny, column_ruins_corridor_straight,
          column_ruins_corridor_water, column_ruins_open_medium,
          column_ruins_columns_dead_end, column_ruins_columns_plus,
          serial_bayou_shore_b, serial_bayou_shore_b, serial_bayou_shore_b
Dis:1:    hangedman_dis_decor_blocks_mantle, hangedman_dis_decor_blocks_crown
Dis:2:    hangedman_dis_decor_blocks_talon
Dis:5:    nicolae_dis_iron_filings
Dis:7:    dis_grunt_layers
Geh:4:    lemuel_elevator
Geh:7:    geh_grunt
Coc:3:    grunt_deathspiral_small
Coc:7:    coc_grunt_cove
Tar:4:    grunt_megastairs_4, lemuel_elevator
Tar:7:    tar_grunt_cathedral
Zot:1:    grunt_ministairs_4, hangedman_zot_decor_slant
Zot:3:    stair_cage_wide, grunt_ministairs_15
Zot:5:    basic_stair_grate_trap
Abyss:2:  hangedman_abyss_or_decor_jellyfish_corner
Abyss:4:  evilmike_abyss_rune_ettins
Abyss:5:  nicolae_abyss_rune_left_handed
Pan:      evilmike_mini_pan_corner, evilmike_holy_pan, nicolae_pan_hourglass,
          evilmike_mini_pan_possible_glass, evilmike_mini_pan_diamond,
          rand_demon_6, rand_demon_2, nicolae_pan_hourglass,
          evilmike_mini_pan_V, evilmike_mini_pan_corner, pan_blood_fountain_2,
          rand_demon_9, rand_demon_5, nicolae_pan_gloorx_vloqian_1,
          rand_demon_8, nicolae_pan_mnolegish_5, grunt_pan_in_and_out,
          nicolae_pan_sick_transit, mnoleg_grunt, rand_demon_5,
          pan_blood_fountain_2, regret_index_pan_draining_boxed,
          pan_blood_fountain, pan_blood_fountain_small, rand_demon_3,
          rand_demon_9, evilmike_mini_pan_pillars, cerebov_grunt,
          pan_blood_fountain_2, nicolae_pan_sigil_uleosi,
          evilmike_mini_pan_other_thingy, evilmike_mini_pan_diamond,
          nicolae_pan_lom_lobonic_1, pan_captured_pigsty, rand_demon_9,
          gloorx_vloq_st, nicolae_pan_gloorx_vloqian_3, rand_demon_3, lom_lobon
Zig:1:    ziggurat_pillar_centre_c
Zig:8:    ziggurat_pillar_centre_dead_trees, ziggurat_pillar_centre_smoke
Zig:18:   ziggurat_pillar_centre_oklobs
Zig:20:   ziggurat_pillar_centre_drop, ziggurat_pillar_centre_more_plants
Bazaar:   bazaar_minmay_row
IceCv:    ice_cave_small_demon
WizLab:   wizlab_golubria

Skill      XL: |  1  2  3  4  5  6  7  8  9 10 11 12 13 14 15 16 17 18 19 20 21 22 23 24 25 26 27 |
---------------+----------------------------------------------------------------------------------+-----
Spellcasting   | 1 2 3 4 5 6 7 8 9 10 11 12 13 14 15 27 | 27.0
Long Blades    | 2 3 4 5 6 7 9 10 11 12 13 14 15 23 | 23.7
Dodging        | 1 2 3 4 5 6 7 8 9 10 11 12 13 14 15 27 | 27.0
Fighting       | 3 4 5 6 7 8 9 10 11 12 13 14 15 16 17 27 | 27.0
Shields        | 3 5 6 7 8 10 11 12 13 14 15 16 27 | 27.0
Armour         | 3 4 5 6 7 8 9 10 11 12 14 16 27 | 27.0
Summonings     | 5 10 27 | 27.0
Short Blades   | 4 7 9 11 12 13 14 23 | 23.7
Stealth        | 5 9 12 13 14 27 | 27.0
Translocations | 15 | 15.9
Charms         | 21 | 21.7

Action                   |  1- 3 |  4- 6 |  7- 9 | 10-12 | 13-15 | 16-18 | 19-21 | 22-24 | 25-27 || total
-------------------------+-------+-------+-------+-------+-------+-------+-------+-------+-------++-------
Melee: Long sword        |   104 |   113 |   274 |   738 |  1206 |  1551 |   734 |       |       ||  4720
       Bite              |    23 |    42 |   110 |   371 |   799 |  1056 |  1254 |  1349 | 13589 || 18593
       Eudemon blade     |       |       |       |    55 |   231 |   381 |    42 |       |  4882 ||  5591
       Kick              |       |       |       |       |       |       |  1161 |  1350 |   831 ||  3342
       Quick blade       |       |       |       |       |       |       |  1581 |  2010 | 15623 || 19214
       Double sword      |       |       |       |       |       |       |       |       |   698 ||   698
       Triple sword      |       |       |       |       |       |       |       |       |   257 ||   257
       Headbutt          |       |       |       |       |       |       |       |       |   111 ||   111
       Unarmed           |       |       |       |       |       |       |       |       |     8 ||     8
Throw: Throwing net      |       |       |       |       |       |     2 |       |       |       ||     2
 Cast: Aura of Abjuratio |       |       |       |       |       |       |    16 |       |    60 ||    76
       Summon Butterflie |       |       |       |       |       |       |       |       |    17 ||    17
       Song of Slaying   |       |       |       |       |       |       |       |       |    11 ||    11
       Summon Demon      |       |       |       |       |       |       |       |       |    10 ||    10
       Monstrous Menager |       |       |       |       |       |       |       |       |     8 ||     8
       Passwall          |       |       |       |       |       |       |       |       |     6 ||     6
       Blink             |       |       |       |       |       |       |       |       |     2 ||     2
       Regeneration      |       |       |       |       |       |       |       |       |     2 ||     2
       Summon Hydra      |       |       |       |       |       |       |       |       |     2 ||     2
       Swiftness         |       |       |       |       |       |       |       |       |     1 ||     1
       Deflect Missiles  |       |       |       |       |       |       |       |       |     1 ||     1
 Abil: Serpent's Lash    |       |       |       |     2 |       |     5 |     2 |     1 |     8 ||    18
       Heaven On Earth   |       |       |       |       |     3 |     2 |       |     3 |    18 ||    26
       Stop Flying       |       |       |       |       |       |       |       |       |     1 ||     1
       Evoke Flight      |       |       |       |       |       |       |       |       |     1 ||     1
Evoke: Wand              |       |     1 |       |     8 |       |       |       |       |     9 ||    18
       Phantom mirror    |       |       |       |       |       |     1 |       |     1 |     2 ||     4
       Figurine of a zig |       |       |       |       |       |       |       |       |     1 ||     1
  Use: Scroll            |    10 |     4 |    10 |     6 |     7 |    11 |    17 |    10 |   121 ||   196
       Potion            |       |     3 |     4 |     7 |     3 |     4 |     1 |       |    69 ||    91
 Stab: Sleeping          |       |       |       |       |     3 |     1 |    27 |    37 |    19 ||    87
       Distracted        |       |       |       |       |     1 |     1 |     4 |     5 |    36 ||    47
       Confused          |       |       |       |       |       |     1 |       |       |       ||     1
       Held in net/web   |       |       |       |       |       |     2 |       |       |       ||     2
       Petrified         |       |       |       |       |       |       |       |       |     7 ||     7
       Petrifying        |       |       |       |       |       |       |       |       |     5 ||     5
       Paralysed         |       |       |       |       |       |       |       |       |     2 ||     2
  Eat: Chunk             |     1 |     4 |    15 |    12 |    22 |    33 |    45 |    18 |   111 ||   261
       Royal jelly       |       |       |       |     1 |       |       |     1 |       |    42 ||    44
       Bread ration      |       |       |       |       |     1 |     2 |     2 |     2 |    11 ||    18
       Meat ration       |       |       |       |       |       |     2 |     1 |     1 |    16 ||    20
       Fruit             |       |       |       |       |       |       |       |       |     6 ||     6
Armor: Leather armour    |    23 |     4 |     3 |       |       |    99 |       |       |       ||   129
       Scale mail        |     2 |       |       |       |       |       |       |       |       ||     2
       Ring mail         |     2 |     7 |    62 |       |   101 |   130 |    56 |       |       ||   358
       Robe              |       |       |     1 |   122 |       |       |    37 |    19 |    27 ||   206
       Troll leather arm |       |       |       |     2 |   119 |       |       |       |       ||   121
       Crystal plate arm |       |       |       |       |       |       |       |       |  1310 ||  1310
       Skin              |       |       |       |       |       |       |       |       |     1 ||     1
Dodge: Dodged            |    27 |    46 |    96 |   209 |   356 |   459 |   158 |    78 |  1661 ||  3090
Block: Shield            |    61 |    77 |   223 |   472 |   769 |   935 |   396 |   183 |  1219 ||  4335
       Large shield      |       |       |       |       |       |       |       |       |  3470 ||  3470
       Reflection        |       |       |       |       |       |       |       |       |   196 ||   196
       Other             |       |       |       |       |       |       |       |       |    50 ||    50
       Rpst.: Long sword |     9 |     8 |    21 |    55 |    60 |    54 |    15 |       |       ||   222
       Eudemon blade     |       |       |       |     4 |     5 |    13 |       |       |    50 ||    72
       Triple sword      |       |       |       |       |       |       |       |       |    46 ||    46
       Double sword      |       |       |       |       |       |       |       |       |    15 ||    15
